Workbook
Name CCNLCoopCost: 'CCNL-appoggio'!$B$2:$B$18
Name CCNLCoopDes: 'CCNL-appoggio'!$A$2:$A$18
Name CCNLCostoOrarioAltroPersonale2: #REF!
Name CCNLCostoOrarioAltroPersonale3: #REF!
Name CCNLCostoOrarioAltroPesonale1: #REF!
Name CCNLCostoOrarioAltroPesonale1: #REF!
Name CCNLCostoOrarioAltroPesonale2: #REF!
Name CCNLCostoOrarioAltroPesonale2: #REF!
Name CCNLCostoOrarioAltroPesonale3: #REF!
Name CCNLCostoOrarioAltroPesonale3: #REF!
Name CCNLCostoOrarioAmministrativo: #REF!
Name CCNLCostoOrarioAmministrativo: #REF!
Name CCNLCostoOrarioAmministrativo1: #REF!
Name CCNLCostoOrarioAusiliari: #REF!
Name CCNLCostoOrarioAusiliari: #REF!
Name CCNLCostoOrarioCoordinatore: #REF!
Name CCNLCostoOrarioCoordinatore: #REF!
Name CCNLCostoOrarioCuoco: #REF!
Name CCNLCostoOrarioCuoco: #REF!
Name CCNLCostoOrarioEducatori: #REF!
Name CCNLCostoOrarioEducatori: #REF!
Name CCNLEELLCostOrd: 'CCNL-appoggio'!$G$2:$G$24
Name CCNLEELLCostStraord: 'CCNL-appoggio'!$H$2:$H$24
Name CCNLEELLDes: 'CCNL-appoggio'!$F$2:$F$24
Name CostoPastoMassimo: #REF!
Name CostoPastoMassimo: #REF!
Name InfanziaDifferenzaScheda: #REF!
Name InfanziaDifferenzaScheda: #REF!
Name InfanziaParametroCostoPasto: #REF!
Name InfanziaParametroCostoPasto: #REF!
Name infanziaParametroPercentualeCoordinamento: #REF!
Name infanziaParametroPercentualeCoordinamento: #REF!
Name InfanziaParametroPercentualeSpeseGenerali: #REF!
Name InfanziaParametroPercentualeSpeseGenerali: #REF!
Name InfanziaPercentualeAltroPersonale1: #REF!
Name InfanziaPercentualeAltroPersonale1: #REF!
Name InfanziaPercentualeAltroPersonale2: #REF!
Name InfanziaPercentualeAltroPersonale2: #REF!
Name InfanziaPercentualeAltroPersonale3: #REF!
Name InfanziaPercentualeAltroPersonale3: #REF!
Name InfanziaPercentualeMassimaCoordinamento: #REF!
Name InfanziaPercentualeMassimaCoordinamento: #REF!
Name InfaziaPercentualeMassimaSpeseGenerali: #REF!
Name InfaziaPercentualeMassimaSpeseGenerali: #REF!
Name mensilitàAttualiDettaglio: INPUT!#REF!
Name mensilitàPacDettaglio: INPUT!#REF!
Name numeroPasti: #REF!
Name numeroPasti: #REF!
Name oreMassimeServizioOrdinario: #REF!
Name oreMassimeServizioOrdinario: #REF!
Name oreMassimeServizioSabato: #REF!
Name oreMassimeServizioSabato: #REF!
Name oreMinimeServizioOrdinario: #REF!
Name oreMinimeServizioOrdinario: #REF!
Name oreMinimeServizioSabato: #REF!
Name oreMinimeServizioSabato: #REF!
Name oreServizioPacDettaglio: INPUT!$C$55:$C$101
Name ParametroGiorniServizioSettimanali: #REF!
Name ParametroGiorniServizioSettimanali: #REF!
Name ParametroMesiServizio: #REF!

Sheet INPUT
A1: DATI GENEARALI
B2: Regione di appartenenza | C2: Sicilia
B3: Titolo del Progetto | C3: Acquisto di posti-utente in strutture private accreditate
B4: Localizzazione | C4: San Cataldo - facenti parte del Distretto Socio Sanitario n. 11
B5: Soggetto attuatore | C5: Comune di San Cataldo (CL)
B6: R.U.P. | C6: Alaimo Anna Maria
B7: N. telefono del RUP | C7: 0934/511269
B8: Mail del RUP
C11: Dati | D11: Note
B12: Tipologia di Servizio | C12: Nido / Micro-nido
A13: =+INDEX($A$223:$A$230,MATCH(C13,$B$223:$B$230,0)) -> 1 | B13: Servizio | C13: Nido / Micro-nido
A16: DESCRIZIONE DELL'INTERVENTO DA FINANZIARE
B17: Descrizione del servizio | C17: Acquisto di n. 30 posti-utente per il Servizio di Asilo Nido in strutture private autorizzate al servizio secondo gli standard regionali e inserite nel catalogo dell’offerta distrettuale previsto dal “AVVISO PUBBLICO PER L’ISCRIZIONE AL REGISTRO UNICO DISTRETTUALE DEI SOGGETTI ACCREDITATI AD EROGARE PRESTAZIONI E SERVIZI PERSONALIZZATI PER MINORI, ADOLESCENTI, ANZIANI, DISABILI, ADULTI, FAMIGLIE E IMMIGRATI, NELL'AMBITO TERRITORIALE DEI COMUNI DEL DISTRETTO SOCIO SANITARIO N. 11” del distretto D11, gestite da enti del terzo settore. Gli enti gestori dovranno garantire, in osservanza a quanto previsto dal D.P.R.S. 16 maggio 2013 “Nuovi standards strutturali ed organizzativi per i servizi di prima infanzia”, la presenza dei seguenti operatori: n. 4 Educatori, n.3 Ausiliari. Costo mensile per bambino pari ad euro 677,31. Il servizio dovrà essere attivo dalle 08,00 alle 14,00 (6 h/giorno) per 5 giorni alla settimana ( da lunedì a Venerdì) per 11 mesi: Settembre/Dicembre 2023 Gennaio/Luglio 2024 . Nell’intervento viene previsto io pranzo. | AG17: =+C17 -> Acquisto di n. 30 posti-utente per il Servizio di Asilo Nido in strutture private autorizzate al servizio secondo gli standard regionali e inserite nel catalogo dell’offerta distrettuale previsto dal “AVVISO PUBBLICO PER L’ISCRIZIONE AL REGISTRO UNICO DISTRETTUALE DEI SOGGETTI ACCREDITATI AD EROGARE PRESTAZIONI E SERVIZI PERSONALIZZATI PER MINORI, ADOLESCENTI, ANZIANI, DISABILI, ADULTI, FAMIGLIE E IMMIGRATI, NELL'AMBITO TERRITORIALE DEI COMUNI DEL DISTRETTO SOCIO SANITARIO N. 11” del distretto D11, gestite da enti del terzo settore. Gli enti gestori dovranno garantire, in osservanza a quanto previsto dal D.P.R.S. 16 maggio 2013 “Nuovi standards strutturali ed organizzativi per i servizi di prima infanzia”, la presenza dei seguenti operatori: n. 4 Educatori, n.3 Ausiliari. Costo mensile per bambino pari ad euro 677,31. Il servizio dovrà essere attivo dalle 08,00 alle 14,00 (6 h/giorno) per 5 giorni alla settimana ( da lunedì a Venerdì) per 11 mesi: Settembre/Dicembre 2023 Gennaio/Luglio 2024 . Nell’intervento viene previsto io pranzo.
B18: Estremi dell'eventuale regolamentazione a livello di ambito/distretto e/o a livello di Comune | C18: In fase di Elaborazione | AG18: =+C18 -> In fase di Elaborazione
B19: Descrizione dell'eventuale regolamentazione a livello di ambito/distretto e/o a livello di comune | C19: In fase di elaborazione | AG19: =+C19 -> In fase di elaborazione
B20: Estremi del sistema di regolazione della compartecipazione degli utenti | C20: Delibera di Consiglio del Comune di San Cataldo N° 103 del 02/12/2016 | AG20: =+C20 -> Delibera di Consiglio del Comune di San Cataldo N° 103 del 02/12/2016
B21: Descrizione del sistema di regolamentazione della compartecipazione degli utenti | C21: Prevista la compartecipazione economica da parte delle famiglie in relazione alla situazione reddituale del nucleo familiare di riferimento del minore, così come disposto dall’Art. 23 del Regolamento dei Servizi Socio-Assistenziali – del Comune di San Cataldo – Delibera di Consiglio N° 103 del 02/12/2016 – definito ai sensi dell’Art. 1 del D.A. n. 867/S7 del 15/04/2003 e/o s.m.i. – “Accesso agevolato ai servizi – Criteri unificati di valutazione economica” –: “Il servizio sarà gratuito per i soggetti la cui condizione economica complessiva del nucleo familiare di riferimento (ISE) , determinata ai sensi dell’Art. 1 del D.A. n. 867/S7 del 15/04/2003 e/o s.m.i. - Accesso agevolato ai servizi – Criteri unificati di valutazione economica – non supera l’importo annuo del trattamento minimo di pensione INPS per i lavoratori dipendenti adeguato, ove spettante, alle misure fissate dallo art. 38 della Legge n. 488/200, maggiorato: - del 50% nel caso in cui il soggetto richiedente è unico componente il nucleo familiare; - del 100% nel caso di due componenti; - dell'ulteriore 35% per ogni componente minore od adulto oltre il secondo. Per condizioni economiche superiori i soggetti beneficiari possono essere ammessi al servizio previa compartecipazione in misura pari al 5% del costo sostenuto dal comune per ogni € 516,46 superiore al limite per la gratuità”. | AG21: =+C21 -> Prevista la compartecipazione economica da parte delle famiglie in relazione alla situazione reddituale del nucleo familiare di riferimento del minore, così come disposto dall’Art. 23 del Regolamento dei Servizi Socio-Assistenziali – del Comune di San Cataldo – Delibera di Consiglio N° 103 del 02/12/2016 – definito ai sensi dell’Art. 1 del D.A. n. 867/S7 del 15/04/2003 e/o s.m.i. – “Accesso agevolato ai servizi – Criteri unificati di valutazione economica” –: “Il servizio sarà gratuito per i soggetti la cui condizione economica complessiva del nucleo familiare di riferimento (ISE) , determinata ai sensi dell’Art. 1 del D.A. n. 867/S7 del 15/04/2003 e/o s.m.i. - Accesso agevolato ai servizi – Criteri unificati di valutazione economica – non supera l’importo annuo del trattamento minimo di pensione INPS per i lavoratori dipendenti adeguato, ove spettante, alle misure fissate dallo art. 38 della Legge n. 488/200, maggiorato: - del 50% nel caso in cui il soggetto richiedente è unico componente il nucleo familiare; - del 100% nel caso di due componenti; - dell'ulteriore 35% per ogni componente minore od adulto oltre il secondo. Per condizioni economiche superiori i soggetti beneficiari possono essere ammessi al servizio previa compartecipazione in misura pari al 5% del costo sostenuto dal comune per ogni € 516,46 superiore al limite per la gratuità”.
B22: Estremi dell'atto che regola il sistema di accreditamento | C22: Deliberazione del Comitato dei Sindaci - seduta del 31/07/2020 - di cui alla D.D. n° 889 del 11/09/2020 | AG22: =+C22 -> Deliberazione del Comitato dei Sindaci - seduta del 31/07/2020 - di cui alla D.D. n° 889 del 11/09/2020
B23: Descrizione dei requisiti previsti nel sistema di accreditamento | C23: IL “Sistema di Accreditamento”, prevede l’erogazione degli interventi di natura socio-assistenziali mediante buoni di servizio (voucher ) resi attraverso Soggetti del Terzo Settore aventi i requisiti Tecnico-Qualitativi iscritti all’Albo Distrettuale. I Criteri per l’Istituzione del Registro Unico Distrettuale (R.U.D.) degli operatori accreditati per l’erogazione dei servizi socio-assistenziali e socio-educativi con il sistema dell’accreditamento, che garantisce una maggiore collaborazione tra enti pubblici e soggetti no profit e/o del Terzo Settore, nell’ottica di una razionalizzazione delle risorse economiche pubbliche, della valorizzazione dell’apporto delle organizzazioni non profit presenti sul territorio e dell'affermazione del principio della libera scelta da parte degli utenti/referenti familiari. l’iscrizione al Registro Unico Distrettuale (R.U.D.) degli Organismi sopra specificati per l’erogazione, in relazione al target di intervento, dei servizi di: A) Target Anziani: Assistenza Domiciliare Anziani, Centri Diurni Anziani, Pasti a Domicilio, Lavanderia a Domicilio. B) Target Disabili: Assistenza Domiciliare, Assistenza Domiciliare malati oncologici, Centri diurni, Centri di aggregazione, Centro per soggetti con autismo, Servizi di inserimento lavorativo, Gestione progetti personalizzati di assistenza in favore di disabili gravi e/o gravissimi, assistenza all'autonomia ed alla comunicazione scolastica e/o domiciliare, Trasporto disabili; C) Target Minori e Famiglie: Assistenza Domiciliare, Centri di aggregazione giovanile, Servizi integrativi prima infanzia 0/3 anni (varie tipologie), Centri Pronta Accoglienza, Servizi per la famiglia ed Educativa Domiciliare; D) Target Dipendenze, Immigrazione, Emarginazione e Nuova povertà: Assistenza Domiciliare, Servizio Inserimento Lavorativo, Centri Diurni, Centri di pronta accoglienza, Strutture di “ricovero notturno”, Servizi mensa. L’ambito territoriale di attuazione delle prestazioni de quo è costituito dai Comuni facenti parte del Distretto Socio-Sanitario n. 11 che comprende i Comuni di:  San Cataldo  Bompensiere  Marianopoli  Montedoro  Milena  Serradifalco L'iscrizione al Registro Unico Distrettuale non costituisce nessuna garanzia di accesso ai fondi e di svolgimento del servizio. L'avvio di un servizio, per i soggetti accreditati, è subordinato alle condizioni poste da un successivo specifico Avviso di Disponibilità; in tale avviso, a seconda delle specifiche caratteristiche del servizio, potranno essere richiesti ulteriori requisiti di qualificazione tecnica e professionale indispensabili per poter svolgere l'attività, nonché la presentazione dell’Allegato Q - “Requisiti di Qualità”- con la descrizione precisa dei modelli organizzativi, di valutazione, ect , nonché le proposte migliorative offerte senza nessun onere aggiuntivo per il Distretto/Comune. L'avvio effettivo del servizio è, inoltre, subordinato alla sottoscrizione del "Patto di Accreditamento” che definisce il rapporto economico-contrattuale delle parti, le prestazioni da garantire e le modalità organizzative e gestionali per la rendicontazione dei voucher . La sottoscrizione del “Patto di Accreditamento” è vincolata dalla scelta da parte del beneficiario/referente familiare. | AG23: =+C23 -> IL “Sistema di Accreditamento”, prevede l’erogazione degli interventi di natura socio-assistenziali mediante buoni di servizio (voucher ) resi attraverso Soggetti del Terzo Settore aventi i requisiti Tecnico-Qualitativi iscritti all’Albo Distrettuale. I Criteri per l’Istituzione del Registro Unico Distrettuale (R.U.D.) degli operatori accreditati per l’erogazione dei servizi socio-assistenziali e socio-educativi con il sistema dell’accreditamento, che garantisce una maggiore collaborazione tra enti pubblici e soggetti no profit e/o del Terzo Settore, nell’ottica di una razionalizzazione delle risorse economiche pubbliche, della valorizzazione dell’apporto delle organizzazioni non profit presenti sul territorio e dell'affermazione del principio della libera scelta da parte degli utenti/referenti familiari. l’iscrizione al Registro Unico Distrettuale (R.U.D.) degli Organismi sopra specificati per l’erogazione, in relazione al target di intervento, dei servizi di: A) Target Anziani: Assistenza Domiciliare Anziani, Centri Diurni Anziani, Pasti a Domicilio, Lavanderia a Domicilio. B) Target Disabili: Assistenza Domiciliare, Assistenza Domiciliare malati oncologici, Centri diurni, Centri di aggregazione, Centro per soggetti con autismo, Servizi di inserimento lavorativo, Gestione progetti personalizzati di assistenza in favore di disabili gravi e/o gravissimi, assistenza all'autonomia ed alla comunicazione scolastica e/o domiciliare, Trasporto disabili; C) Target Minori e Famiglie: Assistenza Domiciliare, Centri di aggregazione giovanile, Servizi integrativi prima infanzia 0/3 anni (varie tipologie), Centri Pronta Accoglienza, Servizi per la famiglia ed Educativa Domiciliare; D) Target Dipendenze, Immigrazione, Emarginazione e Nuova povertà: Assistenza Domiciliare, Servizio Inserimento Lavorativo, Centri Diurni, Centri di pronta accoglienza, Strutture di “ricovero notturno”, Servizi mensa. L’ambito territoriale di attuazione delle prestazioni de quo è costituito dai Comuni facenti parte del Distretto Socio-Sanitario n. 11 che comprende i Comuni di:  San Cataldo  Bompensiere  Marianopoli  Montedoro  Milena  Serradifalco L'iscrizione al Registro Unico Distrettuale non costituisce nessuna garanzia di accesso ai fondi e di svolgimento del servizio. L'avvio di un servizio, per i soggetti accreditati, è subordinato alle condizioni poste da un successivo specifico Avviso di Disponibilità; in tale avviso, a seconda delle specifiche caratteristiche del servizio, potranno essere richiesti ulteriori requisiti di qualificazione tecnica e professionale indispensabili per poter svolgere l'attività, nonché la presentazione dell’Allegato Q - “Requisiti di Qualità”- con la descrizione precisa dei modelli organizzativi, di valutazione, ect , nonché le proposte migliorative offerte senza nessun onere aggiuntivo per il Distretto/Comune. L'avvio effettivo del servizio è, inoltre, subordinato alla sottoscrizione del "Patto di Accreditamento” che definisce il rapporto economico-contrattuale delle parti, le prestazioni da garantire e le modalità organizzative e gestionali per la rendicontazione dei voucher . La sottoscrizione del “Patto di Accreditamento” è vincolata dalla scelta da parte del beneficiario/referente familiare.
B24: Descrizione delle modalità di controllo dei soggetti accreditati | C24: La Commissione di valutazione ha il compito di esaminare le istanze sia di nuova iscrizione sia di rinnovo all’Albo Distrettuale e di verificare i requisiti organizzativi minimi e i requisiti di qualità soggettiva dei soggetti richiedenti. La commissione è composta da: - n° 2 funzionari dei Servizi Sociali dei Comuni del Distretto; - dal Dirigente del Comune Capofila del Distretto, in qualità di presidente e da un segretario verbalizzante; La Commissione si riunisce per l’esame delle istanze, redigendo apposito verbale e l’elenco dei soggetti da accreditare. Il Dirigente del Comune capofila, con determina dirigenziale approva l’elenco. La Commissione svolge, altresì, funzioni di vigilanza e controllo rispetto:  al mantenimento dei requisiti dei soggetti accreditati;  alla sopravvenienza di condizioni e situazioni che costituiscono causa di esclusione;  agli standard dei servizi e ai relativi obblighi specificati nel presente regolamento. 1. Il Registro Unico Distrettuale è un registro aperto, con la possibilità di presentare l’istanza di accreditamento in ogni momento. Le domande, se idonee, saranno inserite nel RUD entro 30 giorni dalla presentazione; 2. Agli organismi che hanno presentato domanda di accreditamento verrà data comunicazione dell’esito della procedura di iscrizione nell’elenco generale definitivo o del motivato diniego. 3. Il RUD avrà durata annuale (gennaio/dicembre) e pertanto i soggetti già accreditati per l’annualità successiva devono presentare autodichiarazione, di cui all’Allegato A bis, di mantenimento dei requisiti di iscrizione al RUD entro il 30 gennaio di ogni anno; 4. Il R.U.D. è approvato annualmente con Determina Dirigenziale del Responsabile dei Servizi Sociali del Comune capofila e pubblicato all'Albo Pretorio e nell’Area Trasparenza di tutti i Comuni ricadenti nel Distretto n. 11 di San Cataldo. 5. Il R.U.D. potrà essere sottoposto ad aggiornamento periodico nel caso in cui si verifichino nuove iscrizioni, che saranno ratificate con apposito atto dirigenziale; 6. L’accreditamento all’Albo Distrettuale non dà automaticamente diritto alla realizzazione delle prestazioni socio assistenziali per le quali il Soggetto ha richiesto l’accreditamento ma vincolato a quanto esplicitato dall’Art. 13 | AG24: =+C24 -> La Commissione di valutazione ha il compito di esaminare le istanze sia di nuova iscrizione sia di rinnovo all’Albo Distrettuale e di verificare i requisiti organizzativi minimi e i requisiti di qualità soggettiva dei soggetti richiedenti. La commissione è composta da: - n° 2 funzionari dei Servizi Sociali dei Comuni del Distretto; - dal Dirigente del Comune Capofila del Distretto, in qualità di presidente e da un segretario verbalizzante; La Commissione si riunisce per l’esame delle istanze, redigendo apposito verbale e l’elenco dei soggetti da accreditare. Il Dirigente del Comune capofila, con determina dirigenziale approva l’elenco. La Commissione svolge, altresì, funzioni di vigilanza e controllo rispetto:  al mantenimento dei requisiti dei soggetti accreditati;  alla sopravvenienza di condizioni e situazioni che costituiscono causa di esclusione;  agli standard dei servizi e ai relativi obblighi specificati nel presente regolamento. 1. Il Registro Unico Distrettuale è un registro aperto, con la possibilità di presentare l’istanza di accreditamento in ogni momento. Le domande, se idonee, saranno inserite nel RUD entro 30 giorni dalla presentazione; 2. Agli organismi che hanno presentato domanda di accreditamento verrà data comunicazione dell’esito della procedura di iscrizione nell’elenco generale definitivo o del motivato diniego. 3. Il RUD avrà durata annuale (gennaio/dicembre) e pertanto i soggetti già accreditati per l’annualità successiva devono presentare autodichiarazione, di cui all’Allegato A bis, di mantenimento dei requisiti di iscrizione al RUD entro il 30 gennaio di ogni anno; 4. Il R.U.D. è approvato annualmente con Determina Dirigenziale del Responsabile dei Servizi Sociali del Comune capofila e pubblicato all'Albo Pretorio e nell’Area Trasparenza di tutti i Comuni ricadenti nel Distretto n. 11 di San Cataldo. 5. Il R.U.D. potrà essere sottoposto ad aggiornamento periodico nel caso in cui si verifichino nuove iscrizioni, che saranno ratificate con apposito atto dirigenziale; 6. L’accreditamento all’Albo Distrettuale non dà automaticamente diritto alla realizzazione delle prestazioni socio assistenziali per le quali il Soggetto ha richiesto l’accreditamento ma vincolato a quanto esplicitato dall’Art. 13
A27: DIMENSIONE DEI SERVIZI DA ACQUISTARE
B28: Modalità di acquisizione dei servizi | C28: affidamento diretto /trattativa privata
B29: CCNL applicato | C29: CCNL Cooperative
B30: CCNL vigente | C30: da settembre 2020
B33: n. posti utenti da acquistare | C33: 30
B34: di cui
B35: n. posti utenti già acquistati (a.s. 2013/14) | C35: 0 | D35: =+IF(C35>C33,"Non è possibile indicare un numero di posti già acquistati superiore al numero di posti da acquistare","")
B37: distinzione per fasce di età? | C37: No
B38: di cui Lattanti
B39: di cui Semi-Divezzi
B40: di cui Divezzi
B41: =+IF(AND(SUM(C38:C40)<>C33,C37=C192),"Il dettaglio dei posti-utente non corrisponde al totale indicato. Rettificare","")
A44: CARATTERISTICHE DEI SERVIZI DA ACQUISTARE
B45: Orario di partura settimanale | I45: gg. Complessive
B46: lun | C46: mart | D46: merc | E46: gio | F46: ven | G46: sab | H46: dom.
B47: 6 | C47: 6 | D47: 6 | E47: 6 | F47: 6 | I47: =+COUNTIF(B47:H47,">0") -> 5
I48: N.B.: Se il numero di giornate appare evidenziato in rosso, non si stanno rispettando i requisti regionali
B50: mesi di servizio previsti | C50: 11
B51: tariffa media al mese pagata dagli utenti (compartecipazione)
B55: ore di servizio | C55: =+SUM(B47:H47)*C50*4.333 -> 1429.89
B56: Educatori Professionali | C56: =+IF(C37=$C$193,ROUNDUP(C33/$H$233,0),IF($E$233>0,ROUNDUP(C38/$E$233,0),0)+IF($F$233>0,ROUNDUP(C39/$F$233,0),0)+IF($G$233>0,ROUNDUP(C40/$G$233,0),0))-C57 -> 4
B57: Educatori | C57: =+IF(C37=$C$193,ROUNDDOWN(C33/$H$233*$I$233,0),IF($E$233>0,ROUNDDOWN(C38/$E$233*$I$233,0),0)+IF($F$233>0,ROUNDDOWN(C39/$F$233*$I$233,0),0)+IF($G$233>0,ROUNDDOWN(C40/$G$233*$I$233,0),0)) -> 0
B58: Ausiliari | C58: =+IFERROR(ROUNDUP(C33/$J$233,0),0) -> 3
B60: Cuoco
B61: Limite massimo (di unità equivalenti) | C61: Unità equivalenti previste
B62: =IF(AND($C$12=$C$162,C33>20),0.5,0) -> 0.5 | C62: 0
B65: responsabile amministrativo
B66: Limite massimo (di unità equivalenti) | C66: Unità equivalenti previste
B67: =IF(AND($C$12=$C$162,C33>29),0.5,IF(AND($C$12=$C$162,C33>19),0.3,0)) -> 0.5 | C67: 0
B69: numero di pasti teorici | C69: Costo previsto per il pasto)
B70: =+IF($C$12=$C$162,ROUNDUP(C33*(IF(B47>5,1,0)+IF(C47>5,1,0)+IF(D47>5,1,0)+IF(E47>5,1,0)+IF(F47>5,1,0)+IF(G47>5,1,0)+IF(H47>5,1,0))*C50*4.333,0),0) -> 7150 | C70: 4
B73: E' previsto coordinamento? | C73: No
B74: Inserire l'incidenza del coordinamento (ore coordinamento/ore tot. Servizio) | C74: 0 | D74: =+IF(AND(C74>0,C74>0.15),"l'incidenza non può essere superiore al 15%","")
B75: ore del/dei coordinatore/i | C75: =+C74*SUM(C56:C58)*C55 -> 0
B78: Sono previste spese generali | C78: Si
B79: Inserire la percentuale di spese generali che si intende applicare | C79: 0.01 | D79: =+IF(AND(C79>0,C79>0.08),"l'incidenza non può essere superiore all'8%","")
B80: Inserire eventuale percentuale aggiuntiva di spese generali che si intende applicare nell'a.s. 2020/2021 in realzione alle misure COVID-19 (max. 2% aggiuntivo) | D80: =+IF(AND(C80>0,C80>0.02),"l'incidenza non può essere superiore all'2%","")
B83: Eventuali economie in termini percentuali sul costo del personale riscontrate per effetto dell'aggiudicazione (nel caso di gara già bandita ed aggiudicata) | D83: =+IF(C83>0.1,"Stando al CCNL, anche considerando un numero di ore maggiore di quello previsto mediamente dalle tabelle del Ministero del Lavoro, il costo/orario medio del personale non può essere ribassato di più che il 10%. ","")
B86: Costo posto utente/mese stimato al netto iva | C86: =+(SUM(H136:H143))/C33/C50 -> 660.27224
B88: Il soggetto che paga i servizi oggetto della scheda di intervento, incassa delle somme dagli utenti in ragione di servizi all'infanzia? | C88: No
B91: Aliquota IVA applicata | C91: 0.05
A93: EVENTUALE RICORSO A DATI "DI MERCATO" PER LA QUANTIFICAZIONE DELLE SPESE DA CHIEDERE A FINANZIAMENTO
B95: Vuoi utilizzare un costo utente/mese da indagine di mercato? | C95: No
B96: Specificare le tariffe ordinariamente richieste dai soggetti gestori individuati a trattativa privata/con affidamento diretto e inserire l'impegno a non riconoscere tariffe superiori a quelle ordinariamente richieste dai soggetti gestori ai privati
B97: Costo posto utente/mese rilevato da indagine di mercato (al netto IVA)
B98: Inserire la motivazione circa la differenza tra il costo rilevato da indagine di mercato ed il costo stimato (specificando espressamente come sia possibile garantire il rispetto dei requisiti strutturali ed organizzativi del servizio con il costo rilevato "a mercato") | AG98: =+C98 -> 0
B100: Percentuale di abbattimento del costo teorico rispetto al costo di mercato | C100: =1-C97/C86 -> 1
A103: DISTRIBUZIONE TEMPORALE DEL SERVIZIO PROGRAMMATA
C104: a.s. 2023-2024
C105: settembre-dicembre 2023 | D105: 1° semestre 2024 | E105: 2° semestre 2024
B106: Numero massimo di mesi programmabili per periodo | C106: 4 | D106: 6 | E106: 1 | F106: Verifica di corrispondenza | G106: Costo lordo | H106: Spese generali ex Covid | I106: Iva su Spese generali ex COVID | J106: Totale Costo Lordo | K106: costo netto senza spese generali ex COVID-19 | L106: Totale Costo Netto
B107: Numero mesi programmati | C107: 4 | D107: 6 | E107: 1 | F107: =+SUM(C107:E107) -> 11 | G107: =+SUM(H136:H143,H145)*(IF(H146>0,1+G146,1)) -> 228784.33 | H107: =+SUM(H136:H141)/SUM(C107:E107)*SUM(C107:E107)*C80 -> 0 | I107: =+H107*(IF(H146>0,G146,)) -> 0 | J107: =+I107+H107+G107 -> 228784.33 | K107: =+G107+H148 -> 228784.33 | L107: =+K107+I107+H107 -> 228784.33
B109: Spesa al lorodo | C109: a.s. 2023-2024
C110: settembre-dicembre 2023 | D110: 1° semestre 2024 | E110: 2° semestre 2024
C111: =+IF($G107>0,C107*$G107/$F107,0)+IF($H107>0,C107*($H107+$I107)/SUM($C107:$E107),0) -> 83194.302 | D111: =+IF($G107>0,D107*$G107/$F107,0)+IF($H107>0,D107*($H107+$I107)/SUM($C107:$E107),0) -> 124791.45 | E111: =+IF($G107>0,E107*$G107/$F107,0)+IF($H107>0,E107*($H107+$I107)/SUM($C107:$E107),0) -> 20798.576
C112: =+SUM(C111:C111) -> 83194.302 | D112: =+SUM(D111:D111) -> 124791.45 | E112: =+SUM(E111:E111) -> 20798.576
B115: Spesa al netto | C115: a.s. 2023-2024
C116: settembre-dicembre 2023 | D116: 1° semestre 2024 | E116: 2° semestre 2024
C117: =+IF($K107>0,C107*$K107/$F107,0)+IF($H107>0,C107*($H107+$I107)/SUM($C107:$E107),0) -> 83194.302 | D117: =+IF($K107>0,D107*$K107/$F107,0)+IF($H107>0,D107*($H107+$I107)/SUM($C107:$E107),0) -> 124791.45 | E117: =+IF($K107>0,E107*$K107/$F107,0)+IF($H107>0,E107*($H107+$I107)/SUM($C107:$E107),0) -> 20798.576
C118: =+SUM(C117:C117) -> 83194.302 | D118: =+SUM(D117:D117) -> 124791.45 | E118: =+SUM(E117:E117) -> 20798.576
B121: utenti per a.s.
B123: Iter procedurale e tempistica
D124: Data (mese e anno)
B125: Pubblicazione del bando di gara o equivalente (se pertinente) | D125: 45108
B126: Stipulazione del contratto di affidamento o equivalente (se pertinente) | D126: 45139
B127: Avvio servizio | D127: 45170
B128: data prevista conclusione servizio | D128: 45474
B134: PIANO DELLE SPESE CALCOLATO
C135: CCNL Applicato | D135: Profilo professionale | E135: Parametri | F135: Costo orario | G135: ore di servizio | H135: Costo | AH135: 1
B136: Coordinatore | C136: =+C29 -> CCNL Cooperative | D136: =+IF(C136=$C$190,"D3/E1","D1") -> D3/E1 | F136: =+INDEX('CCNL-appoggio'!$L$2:$L$24,MATCH(INPUT!D136,'CCNL-appoggio'!$K$2:$K$24,0))*IF($C$28=$C$187,1-$C$83,1) -> 21.59 | G136: =+C75 -> 0 | H136: =+IF(C73=C192,G136*F136,0) -> 0 | AH136: =+IF(H136<>0,MAX($AH$135:AH135)+1,0) -> 0 | AJ136: =+B136 & " - "&C136& " - " &D136 & " (costo orario " & ROUND(F136,2) & " €/ora)" -> Coordinatore - CCNL Cooperative - D3/E1 (costo orario 21,59 €/ora)
B137: Educatore Professionale | C137: =+C29 -> CCNL Cooperative | D137: =+IF(C137=$C$190,"D2","C1") -> D2 | F137: =+INDEX('CCNL-appoggio'!$L$2:$L$24,MATCH(INPUT!D137,'CCNL-appoggio'!$K$2:$K$24,0))*IF($C$28=$C$187,1-$C$83,1) -> 20.22 | G137: =+$C$55*C56 -> 5719.56 | H137: =+G137*F137 -> 115649.5 | AH137: =+IF(H137<>0,MAX($AH$135:AH136)+1,0) -> 2 | AJ137: =+B137 & " - "&C137& " - " &D137 & " (costo orario " & ROUND(F137,2) & " €/ora)" -> Educatore Professionale - CCNL Cooperative - D2 (costo orario 20,22 €/ora)
B138: Educatore | C138: =+C29 -> CCNL Cooperative | D138: =+IF(C138=$C$190,"C3/D1","C1") -> C3/D1 | F138: =+INDEX('CCNL-appoggio'!$L$2:$L$24,MATCH(INPUT!D138,'CCNL-appoggio'!$K$2:$K$24,0))*IF($C$28=$C$187,1-$C$83,1) -> 19.13 | G138: =+C57*C55 -> 0 | H138: =+G138*F138 -> 0 | AH138: =+IF(H138<>0,MAX($AH$135:AH137)+1,0) -> 0 | AJ138: =+B138 & " - "&C138& " - " &D138 & " (costo orario " & ROUND(F138,2) & " €/ora)" -> Educatore - CCNL Cooperative - C3/D1 (costo orario 19,13 €/ora)
B139: Ausiliario | C139: =+C29 -> CCNL Cooperative | D139: =+IF(C139=$C$190,"B1","A1") -> B1 | F139: =+INDEX('CCNL-appoggio'!$L$2:$L$24,MATCH(INPUT!D139,'CCNL-appoggio'!$K$2:$K$24,0))*IF($C$28=$C$187,1-$C$83,1) -> 16.73 | G139: =+C55*C58 -> 4289.67 | H139: =+G139*F139 -> 71766.179 | AH139: =+IF(H139<>0,MAX($AH$135:AH138)+1,0) -> 3 | AJ139: =+B139 & " - "&C139& " - " &D139 & " (costo orario " & ROUND(F139,2) & " €/ora)" -> Ausiliario - CCNL Cooperative - B1 (costo orario 16,73 €/ora)
B140: Responsabile amministrativo | C140: =+C29 -> CCNL Cooperative | D140: =+IF(C140=$C$190,"C3/D1","C1") -> C3/D1 | F140: =+INDEX('CCNL-appoggio'!$L$2:$L$24,MATCH(INPUT!D140,'CCNL-appoggio'!$K$2:$K$24,0))*IF($C$28=$C$187,1-$C$83,1) -> 19.13 | G140: =+C55*C67 -> 0 | H140: =+G140*F140 -> 0 | AH140: =+IF(H140<>0,MAX($AH$135:AH139)+1,0) -> 0 | AJ140: =+B140 & " - "&C140& " - " &D140 & " (costo orario " & ROUND(F140,2) & " €/ora)" -> Responsabile amministrativo - CCNL Cooperative - C3/D1 (costo orario 19,13 €/ora)
B141: Cuoco | C141: =+C29 -> CCNL Cooperative | D141: =+IF(C141=$C$190,"C1","B3") -> C1 | F141: =+INDEX('CCNL-appoggio'!$L$2:$L$24,MATCH(INPUT!D141,'CCNL-appoggio'!$K$2:$K$24,0))*IF($C$28=$C$187,1-$C$83,1) -> 18.02 | G141: =+C62*C55 -> 0 | H141: =+G141*F141 -> 0 | AH141: =+IF(H141<>0,MAX($AH$135:AH140)+1,0) -> 0 | AJ141: =+B141 & " - "&C141& " - " &D141 & " (costo orario " & ROUND(F141,2) & " €/ora)" -> Cuoco - CCNL Cooperative - C1 (costo orario 18,02 €/ora)
B142: Pasti | E142: =+SUM(IF(C70>0,B70,0)) -> 7150 | G142: =+E142 -> 7150 | H142: =E142*C70 -> 28600 | AH142: =+IF(H142<>0,MAX($AH$135:AH141)+1,0) -> 4 | AI142: quantità | AJ142: =+B142 -> Pasti
B143: Spese generali | E143: =+IF(C78="Si",C79,0) -> 0.01 | G143: =+E143 -> 0.01 | H143: =+E143*SUM(H136:H141) -> 1874.1568 | AH143: =+IF(H143<>0,MAX($AH$135:AH142)+1,0) -> 5 | AI143: percentuale | AJ143: =+B143 -> Spese generali
B144: Spese generali aggiuntive (ex COVID-19) | E144: =+IF(C78="Si",C80,0) -> 0 | G144: =+E144 -> 0 | H144: =+H107 -> 0 | AH144: =+IF(H144<>0,MAX($AH$135:AH143)+1,0) -> 0 | AI144: percentuale | AJ144: =+B144 -> Spese generali aggiuntive (ex COVID-19)
B145: Abbattimento costi in ragione dei livelli di mercato | G145: =+C100 -> 1 | H145: =-IF(AND(C28=C188,C95=C192),SUM(H136:H143)*C100,0) -> 0 | AH145: =+IF(H145<>0,MAX($AH$135:AH144)+1,0) -> 0 | AI145: percentuale | AJ145: =+B145 -> Abbattimento costi in ragione dei livelli di mercato
B146: IVA | E146: =+C91 -> 0.05 | G146: =+E146 -> 0.05 | H146: =+IF(AND(C51=0,C88=C193),SUM(H136:H145)*E146,0) -> 10894.492 | AH146: =+IF(H146<>0,MAX($AH$135:AH145)+1,0) -> 6 | AI146: percentuale | AJ146: =+B146 -> IVA
...

Sheet SCHEDA DI INTERVENTO
A1: Scheda di intervento Tipologia 2 -Acquisto di posti-utente pre servizi in strutture accreditate
A2: Tipologia di servizio
A3: =+INPUT!C12 -> Nido / Micro-nido
A4: =+INPUT!C13 -> Nido / Micro-nido
A5: A. Dati Identificativi
A6: a. | B6: Titolo del Progetto | E6: =+INPUT!C3 -> Acquisto di posti-utente in strutture private accreditate | AV6: =+E6 -> Acquisto di posti-utente in strutture private accreditate
A7: b. | B7: Localizzazione | E7: =+INPUT!C4 -> San Cataldo - facenti parte del Distretto Socio Sanitario n. 11 | AV7: =+E7 -> San Cataldo - facenti parte del Distretto Socio Sanitario n. 11
A8: c. | B8: Soggetto attuatore | E8: =+INPUT!C5 -> Comune di San Cataldo (CL) | AV8: =+E8 -> Comune di San Cataldo (CL)
A9: d | B9: R.U.P. | E9: =+INPUT!C6 -> Alaimo Anna Maria | AV9: =+E9 -> Alaimo Anna Maria
A10: e. | B10: N. telefono del RUP | E10: =+INPUT!C7 -> 0934/511269 | AV10: =+E10 -> 0934/511269
A11: f | B11: Mail del RUP | E11: =+INPUT!C8 -> 0 | AV11: =+E11 -> 0
A12: g | B12: Importo richiesto | K12: =+INPUT!H149 -> 228784.33
A14: B. Dettaglio dell'intervento e risultati attesi
A15: a. | B15: Descrizione del servizio
E16: =+INPUT!C17 -> Acquisto di n. 30 posti-utente per il Servizio di Asilo Nido in strutture private autorizzate al servizio secondo gli standard regionali e inserite nel catalogo dell’offerta distrettuale previsto dal “AVVISO PUBBLICO PER L’ISCRIZIONE AL REGISTRO UNICO DISTRETTUALE DEI SOGGETTI ACCREDITATI AD EROGARE PRESTAZIONI E SERVIZI PERSONALIZZATI PER MINORI, ADOLESCENTI, ANZIANI, DISABILI, ADULTI, FAMIGLIE E IMMIGRATI, NELL'AMBITO TERRITORIALE DEI COMUNI DEL DISTRETTO SOCIO SANITARIO N. 11” del distretto D11, gestite da enti del terzo settore. Gli enti gestori dovranno garantire, in osservanza a quanto previsto dal D.P.R.S. 16 maggio 2013 “Nuovi standards strutturali ed organizzativi per i servizi di prima infanzia”, la presenza dei seguenti operatori: n. 4 Educatori, n.3 Ausiliari. Costo mensile per bambino pari ad euro 677,31. Il servizio dovrà essere attivo dalle 08,00 alle 14,00 (6 h/giorno) per 5 giorni alla settimana ( da lunedì a Venerdì) per 11 mesi: Settembre/Dicembre 2023 Gennaio/Luglio 2024 . Nell’intervento viene previsto io pranzo. | AV16: =+E16 -> Acquisto di n. 30 posti-utente per il Servizio di Asilo Nido in strutture private autorizzate al servizio secondo gli standard regionali e inserite nel catalogo dell’offerta distrettuale previsto dal “AVVISO PUBBLICO PER L’ISCRIZIONE AL REGISTRO UNICO DISTRETTUALE DEI SOGGETTI ACCREDITATI AD EROGARE PRESTAZIONI E SERVIZI PERSONALIZZATI PER MINORI, ADOLESCENTI, ANZIANI, DISABILI, ADULTI, FAMIGLIE E IMMIGRATI, NELL'AMBITO TERRITORIALE DEI COMUNI DEL DISTRETTO SOCIO SANITARIO N. 11” del distretto D11, gestite da enti del terzo settore. Gli enti gestori dovranno garantire, in osservanza a quanto previsto dal D.P.R.S. 16 maggio 2013 “Nuovi standards strutturali ed organizzativi per i servizi di prima infanzia”, la presenza dei seguenti operatori: n. 4 Educatori, n.3 Ausiliari. Costo mensile per bambino pari ad euro 677,31. Il servizio dovrà essere attivo dalle 08,00 alle 14,00 (6 h/giorno) per 5 giorni alla settimana ( da lunedì a Venerdì) per 11 mesi: Settembre/Dicembre 2023 Gennaio/Luglio 2024 . Nell’intervento viene previsto io pranzo.
A17: b. | B17: =+INPUT!B28 -> Modalità di acquisizione dei servizi
E18: =+INPUT!C28 -> affidamento diretto /trattativa privata | AV18: =+E18 -> affidamento diretto /trattativa privata
I20: Utenti PAC | L20: Risorse PAC
I21: a.s. 23/24 | L21: a.s. 23/24
A22: c.1 | B22: Posti acquistati con il PAC secondo riparto | E22: =+INPUT!C33 -> 30 | H22: di cui | I22: =+INPUT!C33*IF(SUM(INPUT!C107:E107)>0,1,0) -> 30 | L22: =+SUM(INPUT!C118:E118) -> 228784.33
A24: c.2 | B24: di cui posti già acquistati (a.s. 2013/14) | E24: =+INPUT!C35 -> 0
I26: a.s. 23/24
A27: c.3 | B27: Mesi di servizio | E27: =+INPUT!C50 -> 11 | H27: di cui | I27: =+INPUT!C107+INPUT!D107+INPUT!E107 -> 11
A29: c.4 | B29: gg. di servizio settimanali | E29: =+INPUT!I47 -> 5
A31: c.5 | B31: hh. di servizio settimanali | E31: =+SUM(INPUT!B47:H47) -> 30
A33: c.6 | B33: hh. di servizio totali | E33: =+INPUT!C55 -> 1429.89
A36: d. | B36: Estremi dell'eventuale regolamentazione a livello di ambito/distretto e/o a livello di Comune
E37: =+INPUT!C18 -> In fase di Elaborazione | AV37: =+E37 -> In fase di Elaborazione
A38: e. | B38: Descrizione dell'eventuale regolamentazione a livello di ambito/distretto e/o a livello di comune
E39: =+INPUT!C19 -> In fase di elaborazione | AV39: =+E39 -> In fase di elaborazione
A40: f. | B40: Estremi del sistema di regolazione della compartecipazione degli utenti
E41: =+INPUT!C20 -> Delibera di Consiglio del Comune di San Cataldo N° 103 del 02/12/2016 | AV41: =+E41 -> Delibera di Consiglio del Comune di San Cataldo N° 103 del 02/12/2016
A42: g. | B42: Descrizione del sistema di regolamentazione della compartecipazione degli utenti
E43: =+INPUT!C21 -> Prevista la compartecipazione economica da parte delle famiglie in relazione alla situazione reddituale del nucleo familiare di riferimento del minore, così come disposto dall’Art. 23 del Regolamento dei Servizi Socio-Assistenziali – del Comune di San Cataldo – Delibera di Consiglio N° 103 del 02/12/2016 – definito ai sensi dell’Art. 1 del D.A. n. 867/S7 del 15/04/2003 e/o s.m.i. – “Accesso agevolato ai servizi – Criteri unificati di valutazione economica” –: “Il servizio sarà gratuito per i soggetti la cui condizione economica complessiva del nucleo familiare di riferimento (ISE) , determinata ai sensi dell’Art. 1 del D.A. n. 867/S7 del 15/04/2003 e/o s.m.i. - Accesso agevolato ai servizi – Criteri unificati di valutazione economica – non supera l’importo annuo del trattamento minimo di pensione INPS per i lavoratori dipendenti adeguato, ove spettante, alle misure fissate dallo art. 38 della Legge n. 488/200, maggiorato: - del 50% nel caso in cui il soggetto richiedente è unico componente il nucleo familiare; - del 100% nel caso di due componenti; - dell'ulteriore 35% per ogni componente minore od adulto oltre il secondo. Per condizioni economiche superiori i soggetti beneficiari possono essere ammessi al servizio previa compartecipazione in misura pari al 5% del costo sostenuto dal comune per ogni € 516,46 superiore al limite per la gratuità”. | AV43: =+E43 -> Prevista la compartecipazione economica da parte delle famiglie in relazione alla situazione reddituale del nucleo familiare di riferimento del minore, così come disposto dall’Art. 23 del Regolamento dei Servizi Socio-Assistenziali – del Comune di San Cataldo – Delibera di Consiglio N° 103 del 02/12/2016 – definito ai sensi dell’Art. 1 del D.A. n. 867/S7 del 15/04/2003 e/o s.m.i. – “Accesso agevolato ai servizi – Criteri unificati di valutazione economica” –: “Il servizio sarà gratuito per i soggetti la cui condizione economica complessiva del nucleo familiare di riferimento (ISE) , determinata ai sensi dell’Art. 1 del D.A. n. 867/S7 del 15/04/2003 e/o s.m.i. - Accesso agevolato ai servizi – Criteri unificati di valutazione economica – non supera l’importo annuo del trattamento minimo di pensione INPS per i lavoratori dipendenti adeguato, ove spettante, alle misure fissate dallo art. 38 della Legge n. 488/200, maggiorato: - del 50% nel caso in cui il soggetto richiedente è unico componente il nucleo familiare; - del 100% nel caso di due componenti; - dell'ulteriore 35% per ogni componente minore od adulto oltre il secondo. Per condizioni economiche superiori i soggetti beneficiari possono essere ammessi al servizio previa compartecipazione in misura pari al 5% del costo sostenuto dal comune per ogni € 516,46 superiore al limite per la gratuità”.
A44: h. | B44: Estremi dell'atto che regola il sistema di accreditamento
E45: =+INPUT!C22 -> Deliberazione del Comitato dei Sindaci - seduta del 31/07/2020 - di cui alla D.D. n° 889 del 11/09/2020 | AV45: =+E45 -> Deliberazione del Comitato dei Sindaci - seduta del 31/07/2020 - di cui alla D.D. n° 889 del 11/09/2020
A46: i. | B46: Descrizione dei requisiti previsti nel sistema di accreditamento
E47: =+INPUT!C23 -> IL “Sistema di Accreditamento”, prevede l’erogazione degli interventi di natura socio-assistenziali mediante buoni di servizio (voucher ) resi attraverso Soggetti del Terzo Settore aventi i requisiti Tecnico-Qualitativi iscritti all’Albo Distrettuale. I Criteri per l’Istituzione del Registro Unico Distrettuale (R.U.D.) degli operatori accreditati per l’erogazione dei servizi socio-assistenziali e socio-educativi con il sistema dell’accreditamento, che garantisce una maggiore collaborazione tra enti pubblici e soggetti no profit e/o del Terzo Settore, nell’ottica di una razionalizzazione delle risorse economiche pubbliche, della valorizzazione dell’apporto delle organizzazioni non profit presenti sul territorio e dell'affermazione del principio della libera scelta da parte degli utenti/referenti familiari. l’iscrizione al Registro Unico Distrettuale (R.U.D.) degli Organismi sopra specificati per l’erogazione, in relazione al target di intervento, dei servizi di: A) Target Anziani: Assistenza Domiciliare Anziani, Centri Diurni Anziani, Pasti a Domicilio, Lavanderia a Domicilio. B) Target Disabili: Assistenza Domiciliare, Assistenza Domiciliare malati oncologici, Centri diurni, Centri di aggregazione, Centro per soggetti con autismo, Servizi di inserimento lavorativo, Gestione progetti personalizzati di assistenza in favore di disabili gravi e/o gravissimi, assistenza all'autonomia ed alla comunicazione scolastica e/o domiciliare, Trasporto disabili; C) Target Minori e Famiglie: Assistenza Domiciliare, Centri di aggregazione giovanile, Servizi integrativi prima infanzia 0/3 anni (varie tipologie), Centri Pronta Accoglienza, Servizi per la famiglia ed Educativa Domiciliare; D) Target Dipendenze, Immigrazione, Emarginazione e Nuova povertà: Assistenza Domiciliare, Servizio Inserimento Lavorativo, Centri Diurni, Centri di pronta accoglienza, Strutture di “ricovero notturno”, Servizi mensa. L’ambito territoriale di attuazione delle prestazioni de quo è costituito dai Comuni facenti parte del Distretto Socio-Sanitario n. 11 che comprende i Comuni di:  San Cataldo  Bompensiere  Marianopoli  Montedoro  Milena  Serradifalco L'iscrizione al Registro Unico Distrettuale non costituisce nessuna garanzia di accesso ai fondi e di svolgimento del servizio. L'avvio di un servizio, per i soggetti accreditati, è subordinato alle condizioni poste da un successivo specifico Avviso di Disponibilità; in tale avviso, a seconda delle specifiche caratteristiche del servizio, potranno essere richiesti ulteriori requisiti di qualificazione tecnica e professionale indispensabili per poter svolgere l'attività, nonché la presentazione dell’Allegato Q - “Requisiti di Qualità”- con la descrizione precisa dei modelli organizzativi, di valutazione, ect , nonché le proposte migliorative offerte senza nessun onere aggiuntivo per il Distretto/Comune. L'avvio effettivo del servizio è, inoltre, subordinato alla sottoscrizione del "Patto di Accreditamento” che definisce il rapporto economico-contrattuale delle parti, le prestazioni da garantire e le modalità organizzative e gestionali per la rendicontazione dei voucher . La sottoscrizione del “Patto di Accreditamento” è vincolata dalla scelta da parte del beneficiario/referente familiare. | AV47: =+E47 -> IL “Sistema di Accreditamento”, prevede l’erogazione degli interventi di natura socio-assistenziali mediante buoni di servizio (voucher ) resi attraverso Soggetti del Terzo Settore aventi i requisiti Tecnico-Qualitativi iscritti all’Albo Distrettuale. I Criteri per l’Istituzione del Registro Unico Distrettuale (R.U.D.) degli operatori accreditati per l’erogazione dei servizi socio-assistenziali e socio-educativi con il sistema dell’accreditamento, che garantisce una maggiore collaborazione tra enti pubblici e soggetti no profit e/o del Terzo Settore, nell’ottica di una razionalizzazione delle risorse economiche pubbliche, della valorizzazione dell’apporto delle organizzazioni non profit presenti sul territorio e dell'affermazione del principio della libera scelta da parte degli utenti/referenti familiari. l’iscrizione al Registro Unico Distrettuale (R.U.D.) degli Organismi sopra specificati per l’erogazione, in relazione al target di intervento, dei servizi di: A) Target Anziani: Assistenza Domiciliare Anziani, Centri Diurni Anziani, Pasti a Domicilio, Lavanderia a Domicilio. B) Target Disabili: Assistenza Domiciliare, Assistenza Domiciliare malati oncologici, Centri diurni, Centri di aggregazione, Centro per soggetti con autismo, Servizi di inserimento lavorativo, Gestione progetti personalizzati di assistenza in favore di disabili gravi e/o gravissimi, assistenza all'autonomia ed alla comunicazione scolastica e/o domiciliare, Trasporto disabili; C) Target Minori e Famiglie: Assistenza Domiciliare, Centri di aggregazione giovanile, Servizi integrativi prima infanzia 0/3 anni (varie tipologie), Centri Pronta Accoglienza, Servizi per la famiglia ed Educativa Domiciliare; D) Target Dipendenze, Immigrazione, Emarginazione e Nuova povertà: Assistenza Domiciliare, Servizio Inserimento Lavorativo, Centri Diurni, Centri di pronta accoglienza, Strutture di “ricovero notturno”, Servizi mensa. L’ambito territoriale di attuazione delle prestazioni de quo è costituito dai Comuni facenti parte del Distretto Socio-Sanitario n. 11 che comprende i Comuni di:  San Cataldo  Bompensiere  Marianopoli  Montedoro  Milena  Serradifalco L'iscrizione al Registro Unico Distrettuale non costituisce nessuna garanzia di accesso ai fondi e di svolgimento del servizio. L'avvio di un servizio, per i soggetti accreditati, è subordinato alle condizioni poste da un successivo specifico Avviso di Disponibilità; in tale avviso, a seconda delle specifiche caratteristiche del servizio, potranno essere richiesti ulteriori requisiti di qualificazione tecnica e professionale indispensabili per poter svolgere l'attività, nonché la presentazione dell’Allegato Q - “Requisiti di Qualità”- con la descrizione precisa dei modelli organizzativi, di valutazione, ect , nonché le proposte migliorative offerte senza nessun onere aggiuntivo per il Distretto/Comune. L'avvio effettivo del servizio è, inoltre, subordinato alla sottoscrizione del "Patto di Accreditamento” che definisce il rapporto economico-contrattuale delle parti, le prestazioni da garantire e le modalità organizzative e gestionali per la rendicontazione dei voucher . La sottoscrizione del “Patto di Accreditamento” è vincolata dalla scelta da parte del beneficiario/referente familiare.
A48: l. | B48: Descrizione delle modalità di controllo dei soggetti accreditati
E49: =+INPUT!C24 -> La Commissione di valutazione ha il compito di esaminare le istanze sia di nuova iscrizione sia di rinnovo all’Albo Distrettuale e di verificare i requisiti organizzativi minimi e i requisiti di qualità soggettiva dei soggetti richiedenti. La commissione è composta da: - n° 2 funzionari dei Servizi Sociali dei Comuni del Distretto; - dal Dirigente del Comune Capofila del Distretto, in qualità di presidente e da un segretario verbalizzante; La Commissione si riunisce per l’esame delle istanze, redigendo apposito verbale e l’elenco dei soggetti da accreditare. Il Dirigente del Comune capofila, con determina dirigenziale approva l’elenco. La Commissione svolge, altresì, funzioni di vigilanza e controllo rispetto:  al mantenimento dei requisiti dei soggetti accreditati;  alla sopravvenienza di condizioni e situazioni che costituiscono causa di esclusione;  agli standard dei servizi e ai relativi obblighi specificati nel presente regolamento. 1. Il Registro Unico Distrettuale è un registro aperto, con la possibilità di presentare l’istanza di accreditamento in ogni momento. Le domande, se idonee, saranno inserite nel RUD entro 30 giorni dalla presentazione; 2. Agli organismi che hanno presentato domanda di accreditamento verrà data comunicazione dell’esito della procedura di iscrizione nell’elenco generale definitivo o del motivato diniego. 3. Il RUD avrà durata annuale (gennaio/dicembre) e pertanto i soggetti già accreditati per l’annualità successiva devono presentare autodichiarazione, di cui all’Allegato A bis, di mantenimento dei requisiti di iscrizione al RUD entro il 30 gennaio di ogni anno; 4. Il R.U.D. è approvato annualmente con Determina Dirigenziale del Responsabile dei Servizi Sociali del Comune capofila e pubblicato all'Albo Pretorio e nell’Area Trasparenza di tutti i Comuni ricadenti nel Distretto n. 11 di San Cataldo. 5. Il R.U.D. potrà essere sottoposto ad aggiornamento periodico nel caso in cui si verifichino nuove iscrizioni, che saranno ratificate con apposito atto dirigenziale; 6. L’accreditamento all’Albo Distrettuale non dà automaticamente diritto alla realizzazione delle prestazioni socio assistenziali per le quali il Soggetto ha richiesto l’accreditamento ma vincolato a quanto esplicitato dall’Art. 13 | AV49: =+E49 -> La Commissione di valutazione ha il compito di esaminare le istanze sia di nuova iscrizione sia di rinnovo all’Albo Distrettuale e di verificare i requisiti organizzativi minimi e i requisiti di qualità soggettiva dei soggetti richiedenti. La commissione è composta da: - n° 2 funzionari dei Servizi Sociali dei Comuni del Distretto; - dal Dirigente del Comune Capofila del Distretto, in qualità di presidente e da un segretario verbalizzante; La Commissione si riunisce per l’esame delle istanze, redigendo apposito verbale e l’elenco dei soggetti da accreditare. Il Dirigente del Comune capofila, con determina dirigenziale approva l’elenco. La Commissione svolge, altresì, funzioni di vigilanza e controllo rispetto:  al mantenimento dei requisiti dei soggetti accreditati;  alla sopravvenienza di condizioni e situazioni che costituiscono causa di esclusione;  agli standard dei servizi e ai relativi obblighi specificati nel presente regolamento. 1. Il Registro Unico Distrettuale è un registro aperto, con la possibilità di presentare l’istanza di accreditamento in ogni momento. Le domande, se idonee, saranno inserite nel RUD entro 30 giorni dalla presentazione; 2. Agli organismi che hanno presentato domanda di accreditamento verrà data comunicazione dell’esito della procedura di iscrizione nell’elenco generale definitivo o del motivato diniego. 3. Il RUD avrà durata annuale (gennaio/dicembre) e pertanto i soggetti già accreditati per l’annualità successiva devono presentare autodichiarazione, di cui all’Allegato A bis, di mantenimento dei requisiti di iscrizione al RUD entro il 30 gennaio di ogni anno; 4. Il R.U.D. è approvato annualmente con Determina Dirigenziale del Responsabile dei Servizi Sociali del Comune capofila e pubblicato all'Albo Pretorio e nell’Area Trasparenza di tutti i Comuni ricadenti nel Distretto n. 11 di San Cataldo. 5. Il R.U.D. potrà essere sottoposto ad aggiornamento periodico nel caso in cui si verifichino nuove iscrizioni, che saranno ratificate con apposito atto dirigenziale; 6. L’accreditamento all’Albo Distrettuale non dà automaticamente diritto alla realizzazione delle prestazioni socio assistenziali per le quali il Soggetto ha richiesto l’accreditamento ma vincolato a quanto esplicitato dall’Art. 13
A52: C. Piano delle spese
A53: a. Tipologie di spesa | H53: Quantità | L53: Costo
B54: =+IF(ISERROR(INDEX(INPUT!$B$136:$B$146,MATCH(2,INPUT!$AH$136:$AH$146,0))),"",BG54) -> Educatore Professionale - CCNL Cooperative - D2 (costo orario 20,22 €/ora) | H54: =+IF(ISERROR(INDEX(INPUT!$G$136:$G$146,MATCH(2,INPUT!$AH$136:$AH$146,0))),"",INDEX(INPUT!$G$136:$G$146,MATCH(2,INPUT!$AH$136:$AH$146,0))) -> 5719.56 | L54: =+IF(ISERROR(INDEX(INPUT!$H$136:$H$146,MATCH(2,INPUT!$AH$136:$AH$146,0))),"",INDEX(INPUT!$H$136:$H$146,MATCH(2,INPUT!$AH$136:$AH$146,0))) -> 115649.5 | AX54: =+B54 -> Educatore Professionale - CCNL Cooperative - D2 (costo orario 20,22 €/ora) | BE54: 2 | BF54: =+INDEX(INPUT!$AI$136:$AI$146,MATCH('SCHEDA DI INTERVENTO'!BE54,INPUT!$AH$136:$AH$146,0)) -> 0 | BG54: =+INDEX(INPUT!$AJ$136:$AJ$146,MATCH('SCHEDA DI INTERVENTO'!BE54,INPUT!$AH$136:$AH$146,0)) -> Educatore Professionale - CCNL Cooperative - D2 (costo orario 20,22 €/ora)
B55: =+IF(ISERROR(INDEX(INPUT!$B$136:$B$146,MATCH(3,INPUT!$AH$136:$AH$146,0))),"",BG55) -> Ausiliario - CCNL Cooperative - B1 (costo orario 16,73 €/ora) | H55: =+IF(ISERROR(INDEX(INPUT!$G$136:$G$146,MATCH(3,INPUT!$AH$136:$AH$146,0))),"",INDEX(INPUT!$G$136:$G$146,MATCH(3,INPUT!$AH$136:$AH$146,0))) -> 4289.67 | L55: =+IF(ISERROR(INDEX(INPUT!$H$136:$H$146,MATCH(3,INPUT!$AH$136:$AH$146,0))),"",INDEX(INPUT!$H$136:$H$146,MATCH(3,INPUT!$AH$136:$AH$146,0))) -> 71766.179 | AX55: =+B55 -> Ausiliario - CCNL Cooperative - B1 (costo orario 16,73 €/ora) | BE55: 3 | BF55: =+INDEX(INPUT!$AI$136:$AI$146,MATCH('SCHEDA DI INTERVENTO'!BE55,INPUT!$AH$136:$AH$146,0)) -> 0 | BG55: =+INDEX(INPUT!$AJ$136:$AJ$146,MATCH('SCHEDA DI INTERVENTO'!BE55,INPUT!$AH$136:$AH$146,0)) -> Ausiliario - CCNL Cooperative - B1 (costo orario 16,73 €/ora)
B56: =+IF(ISERROR(INDEX(INPUT!$B$136:$B$146,MATCH(4,INPUT!$AH$136:$AH$146,0))),"",BG56) -> Pasti | H56: =+IF(ISERROR(INDEX(INPUT!$G$136:$G$146,MATCH(4,INPUT!$AH$136:$AH$146,0))),"",INDEX(INPUT!$G$136:$G$146,MATCH(4,INPUT!$AH$136:$AH$146,0))) -> 7150 | L56: =+IF(ISERROR(INDEX(INPUT!$H$136:$H$146,MATCH(4,INPUT!$AH$136:$AH$146,0))),"",INDEX(INPUT!$H$136:$H$146,MATCH(4,INPUT!$AH$136:$AH$146,0))) -> 28600 | AX56: =+B56 -> Pasti | BE56: 4 | BF56: =+INDEX(INPUT!$AI$136:$AI$146,MATCH('SCHEDA DI INTERVENTO'!BE56,INPUT!$AH$136:$AH$146,0)) -> quantità | BG56: =+INDEX(INPUT!$AJ$136:$AJ$146,MATCH('SCHEDA DI INTERVENTO'!BE56,INPUT!$AH$136:$AH$146,0)) -> Pasti
B57: =+IF(ISERROR(INDEX(INPUT!$B$136:$B$146,MATCH(5,INPUT!$AH$136:$AH$146,0))),"",BG57) -> Spese generali | H57: =+IF(ISERROR(INDEX(INPUT!$G$136:$G$146,MATCH(5,INPUT!$AH$136:$AH$146,0))),"",INDEX(INPUT!$G$136:$G$146,MATCH(5,INPUT!$AH$136:$AH$146,0))) -> 0.01 | L57: =+IF(ISERROR(INDEX(INPUT!$H$136:$H$146,MATCH(5,INPUT!$AH$136:$AH$146,0))),"",INDEX(INPUT!$H$136:$H$146,MATCH(5,INPUT!$AH$136:$AH$146,0))) -> 1874.1568 | AX57: =+B57 -> Spese generali | BE57: 5 | BF57: =+INDEX(INPUT!$AI$136:$AI$146,MATCH('SCHEDA DI INTERVENTO'!BE57,INPUT!$AH$136:$AH$146,0)) -> percentuale | BG57: =+INDEX(INPUT!$AJ$136:$AJ$146,MATCH('SCHEDA DI INTERVENTO'!BE57,INPUT!$AH$136:$AH$146,0)) -> Spese generali
B58: =+IF(ISERROR(INDEX(INPUT!$B$136:$B$146,MATCH(6,INPUT!$AH$136:$AH$146,0))),"",BG58) -> IVA | H58: =+IF(ISERROR(INDEX(INPUT!$G$136:$G$146,MATCH(6,INPUT!$AH$136:$AH$146,0))),"",INDEX(INPUT!$G$136:$G$146,MATCH(6,INPUT!$AH$136:$AH$146,0))) -> 0.05 | L58: =+IF(ISERROR(INDEX(INPUT!$H$136:$H$146,MATCH(6,INPUT!$AH$136:$AH$146,0))),"",INDEX(INPUT!$H$136:$H$146,MATCH(6,INPUT!$AH$136:$AH$146,0))) -> 10894.492 | AX58: =+B58 -> IVA | BE58: 6 | BF58: =+INDEX(INPUT!$AI$136:$AI$146,MATCH('SCHEDA DI INTERVENTO'!BE58,INPUT!$AH$136:$AH$146,0)) -> percentuale | BG58: =+INDEX(INPUT!$AJ$136:$AJ$146,MATCH('SCHEDA DI INTERVENTO'!BE58,INPUT!$AH$136:$AH$146,0)) -> IVA
B59: =+IF(ISERROR(INDEX(INPUT!$B$136:$B$146,MATCH(7,INPUT!$AH$136:$AH$146,0))),"",BG59) | H59: =+IF(ISERROR(INDEX(INPUT!$G$136:$G$146,MATCH(7,INPUT!$AH$136:$AH$146,0))),"",INDEX(INPUT!$G$136:$G$146,MATCH(7,INPUT!$AH$136:$AH$146,0))) | L59: =+IF(ISERROR(INDEX(INPUT!$H$136:$H$146,MATCH(7,INPUT!$AH$136:$AH$146,0))),"",INDEX(INPUT!$H$136:$H$146,MATCH(7,INPUT!$AH$136:$AH$146,0))) | AX59: =+B59 | BE59: 7 | BF59: =+INDEX(INPUT!$AI$136:$AI$146,MATCH('SCHEDA DI INTERVENTO'!BE59,INPUT!$AH$136:$AH$146,0)) -> #N/A | BG59: =+INDEX(INPUT!$AJ$136:$AJ$146,MATCH('SCHEDA DI INTERVENTO'!BE59,INPUT!$AH$136:$AH$146,0)) -> #N/A
B60: =+IF(ISERROR(INDEX(INPUT!$B$136:$B$146,MATCH(8,INPUT!$AH$136:$AH$146,0))),"",BG60) | H60: =+IF(ISERROR(INDEX(INPUT!$G$136:$G$146,MATCH(8,INPUT!$AH$136:$AH$146,0))),"",INDEX(INPUT!$G$136:$G$146,MATCH(8,INPUT!$AH$136:$AH$146,0))) | L60: =+IF(ISERROR(INDEX(INPUT!$H$136:$H$146,MATCH(8,INPUT!$AH$136:$AH$146,0))),"",INDEX(INPUT!$H$136:$H$146,MATCH(8,INPUT!$AH$136:$AH$146,0))) | AX60: =+B60 | BE60: 8 | BF60: =+INDEX(INPUT!$AI$136:$AI$146,MATCH('SCHEDA DI INTERVENTO'!BE60,INPUT!$AH$136:$AH$146,0)) -> #N/A | BG60: =+INDEX(INPUT!$AJ$136:$AJ$146,MATCH('SCHEDA DI INTERVENTO'!BE60,INPUT!$AH$136:$AH$146,0)) -> #N/A
B61: =+IF(ISERROR(INDEX(INPUT!$B$136:$B$146,MATCH(9,INPUT!$AH$136:$AH$146,0))),"",BG61) | H61: =+IF(ISERROR(INDEX(INPUT!$G$136:$G$146,MATCH(9,INPUT!$AH$136:$AH$146,0))),"",INDEX(INPUT!$G$136:$G$146,MATCH(9,INPUT!$AH$136:$AH$146,0))) | L61: =+IF(ISERROR(INDEX(INPUT!$H$136:$H$146,MATCH(9,INPUT!$AH$136:$AH$146,0))),"",INDEX(INPUT!$H$136:$H$146,MATCH(9,INPUT!$AH$136:$AH$146,0))) | AX61: =+B61 | BE61: 9 | BF61: =+INDEX(INPUT!$AI$136:$AI$146,MATCH('SCHEDA DI INTERVENTO'!BE61,INPUT!$AH$136:$AH$146,0)) -> #N/A | BG61: =+INDEX(INPUT!$AJ$136:$AJ$146,MATCH('SCHEDA DI INTERVENTO'!BE61,INPUT!$AH$136:$AH$146,0)) -> #N/A
B62: =+IF(ISERROR(INDEX(INPUT!$B$136:$B$146,MATCH(10,INPUT!$AH$136:$AH$146,0))),"",BG62) | H62: =+IF(ISERROR(INDEX(INPUT!$G$136:$G$146,MATCH(10,INPUT!$AH$136:$AH$146,0))),"",INDEX(INPUT!$G$136:$G$146,MATCH(10,INPUT!$AH$136:$AH$146,0))) | L62: =+IF(ISERROR(INDEX(INPUT!$H$136:$H$146,MATCH(10,INPUT!$AH$136:$AH$146,0))),"",INDEX(INPUT!$H$136:$H$146,MATCH(10,INPUT!$AH$136:$AH$146,0))) | AX62: =+B62 | BE62: 10 | BF62: =+INDEX(INPUT!$AI$136:$AI$146,MATCH('SCHEDA DI INTERVENTO'!BE62,INPUT!$AH$136:$AH$146,0)) -> #N/A | BG62: =+INDEX(INPUT!$AJ$136:$AJ$146,MATCH('SCHEDA DI INTERVENTO'!BE62,INPUT!$AH$136:$AH$146,0)) -> #N/A
B63: =+IF(ISERROR(INDEX(INPUT!$B$136:$B$146,MATCH(11,INPUT!$AH$136:$AH$146,0))),"",BG63) | H63: =+IF(ISERROR(INDEX(INPUT!$G$136:$G$146,MATCH(11,INPUT!$AH$136:$AH$146,0))),"",INDEX(INPUT!$G$136:$G$146,MATCH(11,INPUT!$AH$136:$AH$146,0))) | L63: =+IF(ISERROR(INDEX(INPUT!$H$136:$H$146,MATCH(11,INPUT!$AH$136:$AH$146,0))),"",INDEX(INPUT!$H$136:$H$146,MATCH(11,INPUT!$AH$136:$AH$146,0))) | AX63: =+B63 | BE63: 11 | BF63: =+INDEX(INPUT!$AI$136:$AI$146,MATCH('SCHEDA DI INTERVENTO'!BE63,INPUT!$AH$136:$AH$146,0)) -> #N/A | BG63: =+INDEX(INPUT!$AJ$136:$AJ$146,MATCH('SCHEDA DI INTERVENTO'!BE63,INPUT!$AH$136:$AH$146,0)) -> #N/A
B64: =+IF(ISERROR(INDEX(INPUT!$B$136:$B$146,MATCH(12,INPUT!$AH$136:$AH$146,0))),"",BG64) | H64: =+IF(ISERROR(INDEX(INPUT!$G$136:$G$146,MATCH(12,INPUT!$AH$136:$AH$146,0))),"",INDEX(INPUT!$G$136:$G$146,MATCH(12,INPUT!$AH$136:$AH$146,0))) | L64: =+IF(ISERROR(INDEX(INPUT!$H$136:$H$146,MATCH(12,INPUT!$AH$136:$AH$146,0))),"",INDEX(INPUT!$H$136:$H$146,MATCH(12,INPUT!$AH$136:$AH$146,0))) | AX64: =+B64 | BE64: 12 | BF64: =+INDEX(INPUT!$AI$136:$AI$146,MATCH('SCHEDA DI INTERVENTO'!BE64,INPUT!$AH$136:$AH$146,0)) -> #N/A | BG64: =+INDEX(INPUT!$AJ$136:$AJ$146,MATCH('SCHEDA DI INTERVENTO'!BE64,INPUT!$AH$136:$AH$146,0)) -> #N/A
B65: Totale al loro compartecipazione | L65: =+SUM(L54:O63) -> 228784.33
B66: =+INPUT!B148 -> Eventuale Compartecipazione degli Utenti | L66: =+INPUT!H148 -> 0
B67: Totale al netto compartecipazione | L67: =+L65+L66 -> 228784.33
A69: D. Iter procedurale e tempistica
L70: Data (mese e anno)
A71: a. Pubblicazione del bando di gara o equivalente (se pertinente) | L71: =INPUT!D125 -> 45108
A72: b. Stipulazione del contratto di affidamento o equivalente (se pertinente) | L72: =INPUT!D126 -> 45139
A73: c. Avvio servizio | L73: =INPUT!D127 -> 45170
A74: d. data prevista conclusione servizio | L74: =INPUT!D128 -> 45474
A76: E. Cronoprogramma di spesa
D78: 2° sem 2023 | G78: 1° sem 2024 | J78: 2° sem 2024
D79: =+INPUT!C112 -> 83194.302 | G79: =+INPUT!D112 -> 124791.45 | J79: =+INPUT!E112 -> 20798.576
A81: F. Cronoprogramma di avanzamento del finanziamento
D82: 2° sem 2023 | G82: 1° sem 2024 | J82: 2° sem 2024
D83: =+INPUT!C118 -> 83194.302 | G83: =+INPUT!D118 -> 124791.45 | J83: =+INPUT!E118 -> 20798.576
A85: G. Speficiche in caso di affidamento diretto - trattativa privata
A87: a. | B87: Il piano dei costi (sez. C) è stato redatto sulla scorta di una indagine di mercato preliminare? | M87: =+INPUT!C95 -> No
A89: b. | B89: =+IF(M87="Si","Motivazione circa la differenza tra il costo rilevato da indagine di mercato ed il costo stimato (specificando espressamente come sia possibile garantire il rispetto dei requisiti strutturali ed organizzativi del servizio con il costo rilevato a mercato)","Specificare le tariffe ordinariamente richieste dai soggetti gestori individuati a trattativa privata/con affidamento diretto e inserire l'impegno a non riconoscere tariffe superiori a quelle ordinariamente richieste dai soggetti gestori ai privati") -> Specificare le tariffe ordinariamente richieste dai soggetti gestori individuati a trattativa privata/con affidamento diretto e inserire l'impegno a non riconoscere tariffe superiori a quelle ordinariamente richieste dai soggetti gestori ai privati | AV89: =+B89 -> Specificare le tariffe ordinariamente richieste dai soggetti gestori individuati a trattativa privata/con affidamento diretto e inserire l'impegno a non riconoscere tariffe superiori a quelle ordinariamente richieste dai soggetti gestori ai privati
E90: =+IF(M87="Si",INPUT!C98,INPUT!C96) -> 0 | AV90: =+E90 -> 0
A92: c. | B92: Costo posto utente/mese rilevato da indagine di mercato (al netto IVA) | M92: =+INPUT!C97 -> 0

Sheet esprortazione
D1: Risorse | E1: 2023-2024 - Utenti | I1: 2023-2024 - Risorse | M1: Risorse
A2: Tipo Scheda | B2: Titolo scheda | C2: Tipologia Servizio | D2: 2023 | E2: 2022/23-UtentiMantenuti | F2: 2022/23-UtentiAggiuntivi | G2: 2022/23-UtentiEstensioneOraria | H2: 2022/23-UtentiEstensionePerioro | I2: 2022/23-RisorseMantenuti | J2: 2022/23-RisorseAggiuntivi | K2: 2022/23-RisorseEstensioneOraria | L2: 2022/23-RisorseEstensionePerioro | M2: 2024
A3: 2 | B3: =+'SCHEDA DI INTERVENTO'!E6 -> Acquisto di posti-utente in strutture private accreditate | C3: =+'SCHEDA DI INTERVENTO'!A3 -> Nido / Micro-nido | E3: =+IF('SCHEDA DI INTERVENTO'!I22>0,'SCHEDA DI INTERVENTO'!E24,0) -> 0 | F3: =+'SCHEDA DI INTERVENTO'!I22-esprortazione!E3 -> 30 | I3: =+'SCHEDA DI INTERVENTO'!$L$22/'SCHEDA DI INTERVENTO'!$E$22*E3 -> 0 | J3: =+'SCHEDA DI INTERVENTO'!$L$22/'SCHEDA DI INTERVENTO'!$E$22*F3 -> 228784.33

Sheet CCNL-appoggio
A1: profilo Cooperative | B1: costo | F1: Profilo Enti Locali | G1: costo ordinario | H1: costo - straordinario | K1: da considerare | N1: CCNL di riferimento | O1: EELL | S1: Coperative
A2: A1 | B2: =+SUMPRODUCT(($S$2:$V$2=$N$2)*$S6:$V6) -> 15.72 | D2: A1 | F2: D6 | G2: =+O6 -> 25.06 | H2: =+P6 -> 26.76 | K2: =+IF(INPUT!$C$29=INPUT!$C$190,'CCNL-appoggio'!A2,IF(INPUT!$C$29=INPUT!#REF!,'CCNL-appoggio'!F2,'CCNL-appoggio'!F2)) -> A1 | L2: =+IF(INPUT!$C$29=INPUT!$C$190,'CCNL-appoggio'!B2,IF(INPUT!$C$29="non attivo",'CCNL-appoggio'!G2,'CCNL-appoggio'!H2)) -> 15.72 | N2: =+INPUT!C30 -> da settembre 2020 | O2: alla data di programmazione iniziale | S2: alla data di programmazione iniziale | T2: da novembre 2019 | U2: da aprile 2020 | V2: da settembre 2020
A3: A2 | B3: =+SUMPRODUCT(($S$2:$V$2=$N$2)*$S7:$V7) -> 15.92 | D3: A2 | F3: D5 | G3: =+O7 -> 23.44 | H3: =+P7 -> 25.03 | K3: =+IF(INPUT!$C$29=INPUT!$C$190,'CCNL-appoggio'!A3,IF(INPUT!$C$29=INPUT!#REF!,'CCNL-appoggio'!F3,'CCNL-appoggio'!F3)) -> A2 | L3: =+IF(INPUT!$C$29=INPUT!$C$190,'CCNL-appoggio'!B3,IF(INPUT!$C$29="non attivo",'CCNL-appoggio'!G3,'CCNL-appoggio'!H3)) -> 15.92 | O3: da aprile 2018
A4: B1 | B4: =+SUMPRODUCT(($S$2:$V$2=$N$2)*$S8:$V8) -> 16.73 | D4: B1 | F4: D4 | G4: =+O8 -> 22.44 | H4: =+P8 -> 23.96 | K4: =+IF(INPUT!$C$29=INPUT!$C$190,'CCNL-appoggio'!A4,IF(INPUT!$C$29=INPUT!#REF!,'CCNL-appoggio'!F4,'CCNL-appoggio'!F4)) -> B1 | L4: =+IF(INPUT!$C$29=INPUT!$C$190,'CCNL-appoggio'!B4,IF(INPUT!$C$29="non attivo",'CCNL-appoggio'!G4,'CCNL-appoggio'!H4)) -> 16.73
A5: B1 con i.f. | B5: =+SUMPRODUCT(($S$2:$V$2=$N$2)*$S9:$V9) -> 0 | D5: C1 | F5: D3 | G5: =+O9 -> 21.52 | H5: =+P9 -> 22.98 | K5: =+IF(INPUT!$C$29=INPUT!$C$190,'CCNL-appoggio'!A5,IF(INPUT!$C$29=INPUT!#REF!,'CCNL-appoggio'!F5,'CCNL-appoggio'!F5)) -> B1 con i.f. | L5: =+IF(INPUT!$C$29=INPUT!$C$190,'CCNL-appoggio'!B5,IF(INPUT!$C$29="non attivo",'CCNL-appoggio'!G5,'CCNL-appoggio'!H5)) -> 0 | O5: ordinario | P5: straordinario
A6: C1 | B6: =+SUMPRODUCT(($S$2:$V$2=$N$2)*$S10:$V10) -> 18.02 | D6: C2 | F6: D2 | G6: =+O10 -> 19.63 | H6: =+P10 -> 20.97 | K6: =+IF(INPUT!$C$29=INPUT!$C$190,'CCNL-appoggio'!A6,IF(INPUT!$C$29=INPUT!#REF!,'CCNL-appoggio'!F6,'CCNL-appoggio'!F6)) -> C1 | L6: =+IF(INPUT!$C$29=INPUT!$C$190,'CCNL-appoggio'!B6,IF(INPUT!$C$29="non attivo",'CCNL-appoggio'!G6,'CCNL-appoggio'!H6)) -> 18.02 | N6: D6 | O6: {=+IF($N$2=$O$2,('CCNL EELL'!$J$6:$J$28), ('CCNL EELL 2018'!$J$6:$J$28))} -> 25.06 | P6: {=+IF($N$2=$O$2,('CCNL EELL'!$K$6:$K$28), ('CCNL EELL 2018'!$K$6:$K$28))} -> 26.76 | R6: A1 | S6: {=+TRANSPOSE(ROUND('CCNL cooperative'!B39:R39,2))} -> 14.7 | T6: {=+TRANSPOSE(ROUND('CCNL cooperative (11-19)'!B40:R40,2))} -> 15.26 | U6: {=+TRANSPOSE(ROUND('CCNL cooperative (4-20)'!B40:R40,2))} -> 15.5 | V6: {=+TRANSPOSE(ROUND('CCNL cooperative (9-20)'!B40:R40,2))} -> 15.72
A7: C2 | B7: =+SUMPRODUCT(($S$2:$V$2=$N$2)*$S11:$V11) -> 18.57 | D7: C3/D1 | F7: D1 | G7: =+O11 -> 18.72 | H7: =+P11 -> 19.99 | K7: =+IF(INPUT!$C$29=INPUT!$C$190,'CCNL-appoggio'!A7,IF(INPUT!$C$29=INPUT!#REF!,'CCNL-appoggio'!F7,'CCNL-appoggio'!F7)) -> C2 | L7: =+IF(INPUT!$C$29=INPUT!$C$190,'CCNL-appoggio'!B7,IF(INPUT!$C$29="non attivo",'CCNL-appoggio'!G7,'CCNL-appoggio'!H7)) -> 18.57 | N7: D5 | O7: 23.44 | P7: 25.03 | R7: A2 | S7: 14.9 | T7: 15.46 | U7: 15.71 | V7: 15.92
A8: C3/D1 | B8: =+SUMPRODUCT(($S$2:$V$2=$N$2)*$S12:$V12) -> 19.13 | D8: D2 | F8: C5 | G8: =+O12 -> 19.37 | H8: =+P12 -> 20.68 | K8: =+IF(INPUT!$C$29=INPUT!$C$190,'CCNL-appoggio'!A8,IF(INPUT!$C$29=INPUT!#REF!,'CCNL-appoggio'!F8,'CCNL-appoggio'!F8)) -> C3/D1 | L8: =+IF(INPUT!$C$29=INPUT!$C$190,'CCNL-appoggio'!B8,IF(INPUT!$C$29="non attivo",'CCNL-appoggio'!G8,'CCNL-appoggio'!H8)) -> 19.13 | N8: D4 | O8: 22.44 | P8: 23.96 | R8: B1 | S8: 15.67 | T8: 16.25 | U8: 16.51 | V8: 16.73
A9: C3/D1 con i.p. | B9: =+SUMPRODUCT(($S$2:$V$2=$N$2)*$S13:$V13) -> 19.86 | D9: D3/E1 | F9: C4 | G9: =+O13 -> 18.68 | H9: =+P13 -> 19.94 | K9: =+IF(INPUT!$C$29=INPUT!$C$190,'CCNL-appoggio'!A9,IF(INPUT!$C$29=INPUT!#REF!,'CCNL-appoggio'!F9,'CCNL-appoggio'!F9)) -> C3/D1 con i.p. | L9: =+IF(INPUT!$C$29=INPUT!$C$190,'CCNL-appoggio'!B9,IF(INPUT!$C$29="non attivo",'CCNL-appoggio'!G9,'CCNL-appoggio'!H9)) -> 19.86 | N9: D3 | O9: 21.52 | P9: 22.98 | R9: B1 con i.f. | S9: 16.21 | T9: 0 | U9: 0 | V9: 0
A10: D2 | B10: =+SUMPRODUCT(($S$2:$V$2=$N$2)*$S14:$V14) -> 20.22 | D10: E2 | F10: C3 | G10: =+O14 -> 18.1 | H10: =+P14 -> 19.33 | K10: =+IF(INPUT!$C$29=INPUT!$C$190,'CCNL-appoggio'!A10,IF(INPUT!$C$29=INPUT!#REF!,'CCNL-appoggio'!F10,'CCNL-appoggio'!F10)) -> D2 | L10: =+IF(INPUT!$C$29=INPUT!$C$190,'CCNL-appoggio'!B10,IF(INPUT!$C$29="non attivo",'CCNL-appoggio'!G10,'CCNL-appoggio'!H10)) -> 20.22 | N10: D2 | O10: 19.63 | P10: 20.97 | R10: C1 | S10: 16.89 | T10: 17.5 | U10: 17.78 | V10: 18.02
A11: D2 con i.p. | B11: =+SUMPRODUCT(($S$2:$V$2=$N$2)*$S15:$V15) -> 22.04 | D11: F1 | F11: C2 | G11: =+O15 -> 17.61 | H11: =+P15 -> 18.81 | K11: =+IF(INPUT!$C$29=INPUT!$C$190,'CCNL-appoggio'!A11,IF(INPUT!$C$29=INPUT!#REF!,'CCNL-appoggio'!F11,'CCNL-appoggio'!F11)) -> D2 con i.p. | L11: =+IF(INPUT!$C$29=INPUT!$C$190,'CCNL-appoggio'!B11,IF(INPUT!$C$29="non attivo",'CCNL-appoggio'!G11,'CCNL-appoggio'!H11)) -> 22.04 | N11: D1 | O11: 18.72 | P11: 19.99 | R11: C2 | S11: 17.41 | T11: 18.03 | U11: 18.32 | V11: 18.57
A12: D3/E1 | B12: =+SUMPRODUCT(($S$2:$V$2=$N$2)*$S16:$V16) -> 21.59 | D12: F2 | F12: C1 | G12: =+O16 -> 17.2 | H12: =+P16 -> 18.37 | K12: =+IF(INPUT!$C$29=INPUT!$C$190,'CCNL-appoggio'!A12,IF(INPUT!$C$29=INPUT!#REF!,'CCNL-appoggio'!F12,'CCNL-appoggio'!F12)) -> D3/E1 | L12: =+IF(INPUT!$C$29=INPUT!$C$190,'CCNL-appoggio'!B12,IF(INPUT!$C$29="non attivo",'CCNL-appoggio'!G12,'CCNL-appoggio'!H12)) -> 21.59 | N12: C5 | O12: 19.37 | P12: 20.68 | R12: C3/D1 | S12: 17.94 | T12: 18.58 | U12: 18.87 | V12: 19.13
A13: E2 | B13: =+SUMPRODUCT(($S$2:$V$2=$N$2)*$S17:$V17) -> 24.29 | F13: B7 | G13: =+O17 -> 17.58 | H13: =+P17 -> 18.77 | K13: =+IF(INPUT!$C$29=INPUT!$C$190,'CCNL-appoggio'!A13,IF(INPUT!$C$29=INPUT!#REF!,'CCNL-appoggio'!F13,'CCNL-appoggio'!F13)) -> E2 | L13: =+IF(INPUT!$C$29=INPUT!$C$190,'CCNL-appoggio'!B13,IF(INPUT!$C$29="non attivo",'CCNL-appoggio'!G13,'CCNL-appoggio'!H13)) -> 24.29 | N13: C4 | O13: 18.68 | P13: 19.94 | R13: C3/D1 con i.p. | S13: 18.66 | T13: 19.31 | U13: 19.6 | V13: 19.86
A14: E2 con i.p. | B14: =+SUMPRODUCT(($S$2:$V$2=$N$2)*$S18:$V18) -> 26.42 | F14: B6 | G14: =+O18 -> 16.93 | H14: =+P18 -> 18.08 | K14: =+IF(INPUT!$C$29=INPUT!$C$190,'CCNL-appoggio'!A14,IF(INPUT!$C$29=INPUT!#REF!,'CCNL-appoggio'!F14,'CCNL-appoggio'!F14)) -> E2 con i.p. | L14: =+IF(INPUT!$C$29=INPUT!$C$190,'CCNL-appoggio'!B14,IF(INPUT!$C$29="non attivo",'CCNL-appoggio'!G14,'CCNL-appoggio'!H14)) -> 26.42 | N14: C3 | O14: 18.1 | P14: 19.33 | R14: D2 | S14: 18.97 | T14: 19.64 | U14: 19.95 | V14: 20.22
A15: F1 | B15: =+SUMPRODUCT(($S$2:$V$2=$N$2)*$S19:$V19) -> 27.79 | F15: B5 | G15: =+O19 -> 16.63 | H15: =+P19 -> 17.76 | K15: =+IF(INPUT!$C$29=INPUT!$C$190,'CCNL-appoggio'!A15,IF(INPUT!$C$29=INPUT!#REF!,'CCNL-appoggio'!F15,'CCNL-appoggio'!F15)) -> F1 | L15: =+IF(INPUT!$C$29=INPUT!$C$190,'CCNL-appoggio'!B15,IF(INPUT!$C$29="non attivo",'CCNL-appoggio'!G15,'CCNL-appoggio'!H15)) -> 27.79 | N15: C2 | O15: 17.61 | P15: 18.81 | R15: D2 con i.p. | S15: 20.79 | T15: 21.46 | U15: 21.77 | V15: 22.04
A16: F1 con i.p. | B16: =+SUMPRODUCT(($S$2:$V$2=$N$2)*$S20:$V20) -> 29.01 | F16: B4 | G16: =+O20 -> 16.36 | H16: =+P20 -> 17.47 | K16: =+IF(INPUT!$C$29=INPUT!$C$190,'CCNL-appoggio'!A16,IF(INPUT!$C$29=INPUT!#REF!,'CCNL-appoggio'!F16,'CCNL-appoggio'!F16)) -> F1 con i.p. | L16: =+IF(INPUT!$C$29=INPUT!$C$190,'CCNL-appoggio'!B16,IF(INPUT!$C$29="non attivo",'CCNL-appoggio'!G16,'CCNL-appoggio'!H16)) -> 29.01 | N16: C1 | O16: 17.2 | P16: 18.37 | R16: D3/E1 | S16: 20.27 | T16: 20.97 | U16: 21.3 | V16: 21.59
A17: F2 | B17: =+SUMPRODUCT(($S$2:$V$2=$N$2)*$S21:$V21) -> 32.42 | F17: B3 | G17: =+O21 -> 16.12 | H17: =+P21 -> 17.21 | K17: =+IF(INPUT!$C$29=INPUT!$C$190,'CCNL-appoggio'!A17,IF(INPUT!$C$29=INPUT!#REF!,'CCNL-appoggio'!F17,'CCNL-appoggio'!F17)) -> F2 | L17: =+IF(INPUT!$C$29=INPUT!$C$190,'CCNL-appoggio'!B17,IF(INPUT!$C$29="non attivo",'CCNL-appoggio'!G17,'CCNL-appoggio'!H17)) -> 32.42 | N17: B7 | O17: 17.58 | P17: 18.77 | R17: E2 | S17: 22.87 | T17: 23.62 | U17: 23.98 | V17: 24.29
A18: F2 con i.d. | B18: =+SUMPRODUCT(($S$2:$V$2=$N$2)*$S22:$V22) -> 32.42 | F18: B2 | G18: =+O22 -> 15.5 | H18: =+P22 -> 16.55 | K18: =+IF(INPUT!$C$29=INPUT!$C$190,'CCNL-appoggio'!A18,IF(INPUT!$C$29=INPUT!#REF!,'CCNL-appoggio'!F18,'CCNL-appoggio'!F18)) -> F2 con i.d. | L18: =+IF(INPUT!$C$29=INPUT!$C$190,'CCNL-appoggio'!B18,IF(INPUT!$C$29="non attivo",'CCNL-appoggio'!G18,'CCNL-appoggio'!H18)) -> 32.42 | N18: B6 | O18: 16.93 | P18: 18.08 | R18: E2 con i.p. | S18: 24.99 | T18: 25.75 | U18: 26.11 | V18: 26.42
F19: B1 | G19: =+O23 -> 15.25 | H19: =+P23 -> 16.28 | K19: =+IF(INPUT!$C$29=INPUT!$C$190,'CCNL-appoggio'!A19,IF(INPUT!$C$29=INPUT!#REF!,'CCNL-appoggio'!F19,'CCNL-appoggio'!F19)) -> 0 | L19: =+IF(INPUT!$C$29=INPUT!$C$190,'CCNL-appoggio'!B19,IF(INPUT!$C$29="non attivo",'CCNL-appoggio'!G19,'CCNL-appoggio'!H19)) -> 0 | N19: B5 | O19: 16.63 | P19: 17.76 | R19: F1 | S19: 26.23 | T19: 27.05 | U19: 27.45 | V19: 27.79
F20: A5 | G20: =+O24 -> 15.51 | H20: =+P24 -> 16.56 | K20: =+IF(INPUT!$C$29=INPUT!$C$190,'CCNL-appoggio'!A20,IF(INPUT!$C$29=INPUT!#REF!,'CCNL-appoggio'!F20,'CCNL-appoggio'!F20)) -> 0 | L20: =+IF(INPUT!$C$29=INPUT!$C$190,'CCNL-appoggio'!B20,IF(INPUT!$C$29="non attivo",'CCNL-appoggio'!G20,'CCNL-appoggio'!H20)) -> 0 | N20: B4 | O20: 16.36 | P20: 17.47 | R20: F1 con i.p. | S20: 27.45 | T20: 28.27 | U20: 28.66 | V20: 29.01
F21: A4 | G21: =+O25 -> 15.2 | H21: =+P25 -> 16.23 | K21: =+IF(INPUT!$C$29=INPUT!$C$190,'CCNL-appoggio'!A21,IF(INPUT!$C$29=INPUT!#REF!,'CCNL-appoggio'!F21,'CCNL-appoggio'!F21)) -> 0 | L21: =+IF(INPUT!$C$29=INPUT!$C$190,'CCNL-appoggio'!B21,IF(INPUT!$C$29="non attivo",'CCNL-appoggio'!G21,'CCNL-appoggio'!H21)) -> 0 | N21: B3 | O21: 16.12 | P21: 17.21 | R21: F2 | S21: 30.65 | T21: 31.57 | U21: 32.02 | V21: 32.42
F22: A3 | G22: =+O26 -> 14.93 | H22: =+P26 -> 15.94 | K22: =+IF(INPUT!$C$29=INPUT!$C$190,'CCNL-appoggio'!A22,IF(INPUT!$C$29=INPUT!#REF!,'CCNL-appoggio'!F22,'CCNL-appoggio'!F22)) -> 0 | L22: =+IF(INPUT!$C$29=INPUT!$C$190,'CCNL-appoggio'!B22,IF(INPUT!$C$29="non attivo",'CCNL-appoggio'!G22,'CCNL-appoggio'!H22)) -> 0 | N22: B2 | O22: 15.5 | P22: 16.55 | R22: F2 con i.d. | S22: 30.65 | T22: 31.57 | U22: 32.02 | V22: 32.42
F23: A2 | G23: =+O27 -> 14.62 | H23: =+P27 -> 15.61 | K23: =+IF(INPUT!$C$29=INPUT!$C$190,'CCNL-appoggio'!A23,IF(INPUT!$C$29=INPUT!#REF!,'CCNL-appoggio'!F23,'CCNL-appoggio'!F23)) -> 0 | L23: =+IF(INPUT!$C$29=INPUT!$C$190,'CCNL-appoggio'!B23,IF(INPUT!$C$29="non attivo",'CCNL-appoggio'!G23,'CCNL-appoggio'!H23)) -> 0 | N23: B1 | O23: 15.25 | P23: 16.28
F24: A1 | G24: =+O28 -> 14.43 | H24: =+P28 -> 15.41 | K24: =+IF(INPUT!$C$29=INPUT!$C$190,'CCNL-appoggio'!A24,IF(INPUT!$C$29=INPUT!#REF!,'CCNL-appoggio'!F24,'CCNL-appoggio'!F24)) -> 0 | L24: =+IF(INPUT!$C$29=INPUT!$C$190,'CCNL-appoggio'!B24,IF(INPUT!$C$29="non attivo",'CCNL-appoggio'!G24,'CCNL-appoggio'!H24)) -> 0 | N24: A5 | O24: 15.51 | P24: 16.56
N25: A4 | O25: 15.2 | P25: 16.23
N26: A3 | O26: 14.93 | P26: 15.94
N27: A2 | O27: 14.62 | P27: 15.61
N28: A1 | O28: 14.43 | P28: 15.41

Sheet CCNL cooperative
A1: TipologiaAliquota IRAP | B1: Specifica
A2: Regione | B2: =+INPUT!C2 -> Sicilia
A3: Aliquota Irap Applicata | B3: =+IF(B1="Generale",0.039,INDEX(C47:C50,MATCH(B2,B47:B50,0))) -> 0
A5: Indennità di turno | B5: No
A6: Numero ore annuali lavorate | B6: 1548 | C6: 1548
A9: Livelli | B9: A1 | C9: A2 | D9: B1 | E9: B1 con i.f. | F9: C1 | G9: C2 | H9: C3/D1 | I9: C3/D1 con i.p. | J9: D2 | K9: D2 con i.p. | L9: D3/E1 | M9: E2 | N9: E2 con i.p. | O9: F1 | P9: F1 con i.p. | Q9: F2 | R9: F2 con i.d.
A10: Minimi contr.li conglobati mensili | B10: 1184.19 | C10: 1195.13 | D10: 1250.81 | E10: 1250.81 | F10: 1345.21 | G10: 1385.5 | H10: 1426.41 | I10: 1426.41 | J10: 1504.67 | K10: 1504.67 | L10: 1601.8 | M10: 1728.9 | N10: 1728.9 | O10: 1909.51 | P10: 1909.51 | Q10: 2180.73 | R10: 2180.73
A11: Anzianità (tre scatti) | B11: 34.86 | C11: 40.29 | D11: 48.81 | E11: 48.81 | F11: 55.77 | G11: 58.89 | H11: 61.98 | I11: 61.98 | J11: 69.72 | K11: 69.72 | L11: 80.58 | M11: 94.5 | N11: 94.5 | O11: 118.53 | P11: 118.53 | Q11: 139.44 | R11: 139.44
A12: Indennità professionali | I12: 61.97 | K12: 154.94 | N12: 258.23 | P12: 258.23 | R12: 232.41
A13: Indennità di funzione | E13: 46.48 | M13: 77.47 | O13: 154.94 | Q13: 232.41
A14: Altre indennità | B14: 30.2 | C14: 30.48 | D14: 31.9 | E14: 31.9 | F14: 34.3 | G14: 35.33 | H14: 36.37 | I14: 36.37 | J14: 38.37 | K14: 38.37 | L14: 40.85 | M14: 44.09 | N14: 44.09 | O14: 48.69 | P14: 48.69 | Q14: 55.61 | R14: 55.61
A16: Lordo Mensile | B16: =+SUM(B10:B14) -> 1249.25 | C16: =+SUM(C10:C14) -> 1265.9 | D16: =+SUM(D10:D14) -> 1331.52 | E16: =+SUM(E10:E14) -> 1378 | F16: =+SUM(F10:F14) -> 1435.28 | G16: =+SUM(G10:G14) -> 1479.72 | H16: =+SUM(H10:H14) -> 1524.76 | I16: =+SUM(I10:I14) -> 1586.73 | ... R16: =+SUM(R10:R14) -> 2608.19
A17: Totale Lordo annuo+ 13esima | B17: =+B16*13 -> 16240.25 | C17: =+C16*13 -> 16456.7 | D17: =+D16*13 -> 17309.76 | E17: =+E16*13 -> 17914 | F17: =+F16*13 -> 18658.64 | G17: =+G16*13 -> 19236.36 | H17: =+H16*13 -> 19821.88 | I17: =+I16*13 -> 20627.49 | ... R17: =+R16*13 -> 33906.47
A19: Oneri
A20: Inps (26,90%) | B20: =+B17*0.269 -> 4368.6273 | C20: =+C17*0.269 -> 4426.8523 | D20: =+D17*0.269 -> 4656.3254 | E20: =+E17*0.269 -> 4818.866 | F20: =+F17*0.269 -> 5019.1742 | G20: =+G17*0.269 -> 5174.5808 | H20: =+H17*0.269 -> 5332.0857 | I20: =+I17*0.269 -> 5548.7948 | ... R20: =+R17*0.269 -> 9120.8404
A21: Inail (3%) | B21: =+B17*0.03 -> 487.2075 | C21: =+C17*0.03 -> 493.701 | D21: =+D17*0.03 -> 519.2928 | E21: =+E17*0.03 -> 537.42 | F21: =+F17*0.03 -> 559.7592 | G21: =+G17*0.03 -> 577.0908 | H21: =+H17*0.03 -> 594.6564 | I21: =+I17*0.03 -> 618.8247 | ... R21: =+R17*0.03 -> 1017.1941
A22: Totale oneri | B22: =+B21+B20 -> 4855.8347 | C22: =+C21+C20 -> 4920.5533 | D22: =+D21+D20 -> 5175.6182 | E22: =+E21+E20 -> 5356.286 | F22: =+F21+F20 -> 5578.9334 | G22: =+G21+G20 -> 5751.6716 | H22: =+H21+H20 -> 5926.7421 | I22: =+I21+I20 -> 6167.6195 | ... R22: =+R21+R20 -> 10138.035
A24: TFR | B24: =+B16*0.962962 -> 1202.9803 | C24: =+C16*0.962962 -> 1219.0136 | D24: =+D16*0.962962 -> 1282.2032 | E24: =+E16*0.962962 -> 1326.9616 | F24: =+F16*0.962962 -> 1382.1201 | G24: =+G16*0.962962 -> 1424.9141 | H24: =+H16*0.962962 -> 1468.2859 | I24: =+I16*0.962962 -> 1527.9607 | ... R24: =+R16*0.962962 -> 2511.5879
A25: Rivalutazione T.F.R. (3,302885% ) | B25: =+B24*0.198175 -> 238.40062 | C25: =+C24*0.198175 -> 241.57802 | D25: =+D24*0.198175 -> 254.10061 | E25: =+E24*0.198175 -> 262.97062 | F25: =+F24*0.198175 -> 273.90165 | G25: =+G24*0.198175 -> 282.38236 | H25: =+H24*0.198175 -> 290.97757 | I25: =+I24*0.198175 -> 302.80361 | ... R25: =+R24*0.198175 -> 497.73392
A26: Previdenza complementare (1%) | B26: =+B17*0.01 -> 162.4025 | C26: =+C17*0.01 -> 164.567 | D26: =+D17*0.01 -> 173.0976 | E26: =+E17*0.01 -> 179.14 | F26: =+F17*0.01 -> 186.5864 | G26: =+G17*0.01 -> 192.3636 | H26: =+H17*0.01 -> 198.2188 | I26: =+I17*0.01 -> 206.2749 | ... R26: =+R17*0.01 -> 339.0647
A27: Assistenza Sanitaria Integrativa | B27: 60 | C27: 60 | D27: 60 | E27: 60 | F27: 60 | G27: 60 | H27: 60 | I27: 60 | J27: 60 | K27: 60 | L27: 60 | M27: 60 | N27: 60 | O27: 60 | P27: 60 | Q27: 60 | R27: 60
A29: Costo Annuo | B29: =+B17+B22+B24+B25+B26+B27 -> 22759.868 | C29: =+C17+C22+C24+C25+C26+C27 -> 23062.412 | D29: =+D17+D22+D24+D25+D26+D27 -> 24254.78 | E29: =+E17+E22+E24+E25+E26+E27 -> 25099.358 | F29: =+F17+F22+F24+F25+F26+F27 -> 26140.182 | G29: =+G17+G22+G24+G25+G26+G27 -> 26947.692 | H29: =+H17+H22+H24+H25+H26+H27 -> 27766.104 | I29: =+I17+I22+I24+I25+I26+I27 -> 28892.149 | ... R29: =+R17+R22+R24+R25+R26+R27 -> 47452.891
A30: Indennità di turno | B30: =+IF($B$5="Si",B55,0) -> 0 | C30: =+IF($B$5="Si",C55,0) -> 0 | D30: =+IF($B$5="Si",D55,0) -> 0 | E30: =+IF($B$5="Si",E55,0) -> 0 | F30: =+IF($B$5="Si",F55,0) -> 0 | G30: =+IF($B$5="Si",G55,0) -> 0 | H30: =+IF($B$5="Si",H55,0) -> 0 | I30: =+IF($B$5="Si",I55,0) -> 0 | ... R30: =+IF($B$5="Si",R55,0) -> 0
A32: Totale costo annuo | B32: =+B30+B29 -> 22759.868 | C32: =+C30+C29 -> 23062.412 | D32: =+D30+D29 -> 24254.78 | E32: =+E30+E29 -> 25099.358 | F32: =+F30+F29 -> 26140.182 | G32: =+G30+G29 -> 26947.692 | H32: =+H30+H29 -> 27766.104 | I32: =+I30+I29 -> 28892.149 | ... R32: =+R30+R29 -> 47452.891
A34: Costo orario | B34: =+ROUND(B32/$B$6,2) -> 14.7 | C34: =+ROUND(C32/$B$6,2) -> 14.9 | D34: =+ROUND(D32/$B$6,2) -> 15.67 | E34: =+ROUND(E32/$B$6,2) -> 16.21 | F34: =+ROUND(F32/$B$6,2) -> 16.89 | G34: =+ROUND(G32/$B$6,2) -> 17.41 | H34: =+ROUND(H32/$B$6,2) -> 17.94 | I34: =+ROUND(I32/$B$6,2) -> 18.66 | ... R34: =+ROUND(R32/$B$6,2) -> 30.65
A35: imponibile irap | B35: =+B32-B21-B26 -> 22110.258 | C35: =+C32-C21-C26 -> 22404.144 | D35: =+D32-D21-D26 -> 23562.389 | E35: =+E32-E21-E26 -> 24382.798 | F35: =+F32-F21-F26 -> 25393.836 | G35: =+G32-G21-G26 -> 26178.237 | H35: =+H32-H21-H26 -> 26973.229 | I35: =+I32-I21-I26 -> 28067.049 | ... R35: =+R32-R21-R26 -> 46096.632
A36: imponibile irap orario | B36: =+ROUND(B35/$B$6,2) -> 14.28 | C36: =+ROUND(C35/$B$6,2) -> 14.47 | D36: =+ROUND(D35/$B$6,2) -> 15.22 | E36: =+ROUND(E35/$B$6,2) -> 15.75 | F36: =+ROUND(F35/$B$6,2) -> 16.4 | G36: =+ROUND(G35/$B$6,2) -> 16.91 | H36: =+ROUND(H35/$B$6,2) -> 17.42 | I36: =+ROUND(I35/$B$6,2) -> 18.13 | ... R36: =+ROUND(R35/$B$6,2) -> 29.78
B37: =+B36*0.039 -> 0.55692 | C37: =+C36*0.039 -> 0.56433 | D37: =+D36*0.039 -> 0.59358 | E37: =+E36*0.039 -> 0.61425 | F37: =+F36*0.039 -> 0.6396 | G37: =+G36*0.039 -> 0.65949 | H37: =+H36*0.039 -> 0.67938 | I37: =+I36*0.039 -> 0.70707 | ... R37: =+R36*0.039 -> 1.16142
A38: Irap | B38: =+ROUND(B36*$B$3,2) -> 0 | C38: =+ROUND(C36*$B$3,2) -> 0 | D38: =+ROUND(D36*$B$3,2) -> 0 | E38: =+ROUND(E36*$B$3,2) -> 0 | F38: =+ROUND(F36*$B$3,2) -> 0 | G38: =+ROUND(G36*$B$3,2) -> 0 | H38: =+ROUND(H36*$B$3,2) -> 0 | I38: =+ROUND(I36*$B$3,2) -> 0 | ... R38: =+ROUND(R36*$B$3,2) -> 0
A39: Totale costo orario | B39: =+B38+B34 -> 14.7 | C39: =+C38+C34 -> 14.9 | D39: =+D38+D34 -> 15.67 | E39: =+E38+E34 -> 16.21 | F39: =+F38+F34 -> 16.89 | G39: =+G38+G34 -> 17.41 | H39: =+H38+H34 -> 17.94 | I39: =+I38+I34 -> 18.66 | ... R39: =+R38+R34 -> 30.65
B44: Specifica
B45: Specifica
B47: Calabria | C47: =4.97% -> 0.0497
B48: Campania | C48: =4.4% -> 0.044
B49: Sicilia | C49: 0
B50: Puglia | C50: 0
B52: Si
B53: No
A55: indennità di turno | B55: 2636.88 | C55: 2672.03 | D55: 2810.54 | E55: 2908.65 | F55: 3029.55 | G55: 3123.35 | H55: 3218.42 | I55: 3349.23 | J55: 3404.17 | K55: 3731.21 | L55: 3637.35 | M55: 4105.37 | N55: 4486.91 | O55: 4710.55 | P55: 4928.57 | Q55: 5505.3 | R55: 5505.3

Sheet CCNL EELL
E1: valore buoni pasto | H1: 0
E2: gg/mese buoni pasto | H2: 26
A4: CCNL Enti LOCALI | J4: COSTO ORARIO
B5: Retribuzione annua | C5: Retribuzione Mensile | D5: Rateo 13^ | E5: Rateo Ferie | F5: Mensile | G5: Oneri | H5: Buoni pasto | I5: Mensile all-in | J5: Orario | K5: Straordinario Feriale | L5: Straordinario Festivo o Notturno | M5: Straordinario festivo e notturno
A6: d6 | B6: 28342.72 | C6: =+ROUND(B6/12,2) -> 2361.89 | D6: =+ROUND(C6/12,2) -> 196.82 | E6: =+D6 -> 196.82 | F6: =+E6+D6+C6 -> 2755.53 | G6: =+ROUND(F6*35.3/100,2) -> 972.7 | H6: =+$H$2*$H$1 -> 0 | I6: =+G6+F6+H6 -> 3728.23 | J6: =+ROUND(I6/156,2) -> 23.9 | K6: =ROUND((C6*1.353)/156*1.15,2) -> 23.56 | L6: =ROUND((C6*1.353)/156*1.3,2) -> 26.63 | M6: =ROUND((C6*1.353)/156*1.5,2) -> 30.73
A7: d5 | B7: 26510.86 | C7: =+ROUND(B7/12,2) -> 2209.24 | D7: =+ROUND(C7/12,2) -> 184.1 | E7: =+D7 -> 184.1 | F7: =+E7+D7+C7 -> 2577.44 | G7: =+ROUND(F7*35.3/100,2) -> 909.84 | H7: =+$H$2*$H$1 -> 0 | I7: =+G7+F7+H7 -> 3487.28 | J7: =+ROUND(I7/156,2) -> 22.35 | K7: =ROUND((C7*1.353)/156*1.15,2) -> 22.04 | L7: =ROUND((C7*1.353)/156*1.3,2) -> 24.91 | M7: =ROUND((C7*1.353)/156*1.5,2) -> 28.74
A8: d4 | B8: 25377.76 | C8: =+ROUND(B8/12,2) -> 2114.81 | D8: =+ROUND(C8/12,2) -> 176.23 | E8: =+D8 -> 176.23 | F8: =+E8+D8+C8 -> 2467.27 | G8: =+ROUND(F8*35.3/100,2) -> 870.95 | H8: =+$H$2*$H$1 -> 0 | I8: =+G8+F8+H8 -> 3338.22 | J8: =+ROUND(I8/156,2) -> 21.4 | K8: =ROUND((C8*1.353)/156*1.15,2) -> 21.09 | L8: =ROUND((C8*1.353)/156*1.3,2) -> 23.84 | M8: =ROUND((C8*1.353)/156*1.5,2) -> 27.51
A9: d3 | B9: 24338.14 | C9: =+ROUND(B9/12,2) -> 2028.18 | D9: =+ROUND(C9/12,2) -> 169.02 | E9: =+D9 -> 169.02 | F9: =+E9+D9+C9 -> 2366.22 | G9: =+ROUND(F9*35.3/100,2) -> 835.28 | H9: =+$H$2*$H$1 -> 0 | I9: =+G9+F9+H9 -> 3201.5 | J9: =+ROUND(I9/156,2) -> 20.52 | K9: =ROUND((C9*1.353)/156*1.15,2) -> 20.23 | L9: =ROUND((C9*1.353)/156*1.3,2) -> 22.87 | M9: =ROUND((C9*1.353)/156*1.5,2) -> 26.39
A10: d2 | B10: 22203.89 | C10: =+ROUND(B10/12,2) -> 1850.32 | D10: =+ROUND(C10/12,2) -> 154.19 | E10: =+D10 -> 154.19 | F10: =+E10+D10+C10 -> 2158.7 | G10: =+ROUND(F10*35.3/100,2) -> 762.02 | H10: =+$H$2*$H$1 -> 0 | I10: =+G10+F10+H10 -> 2920.72 | J10: =+ROUND(I10/156,2) -> 18.72 | K10: =ROUND((C10*1.353)/156*1.15,2) -> 18.46 | L10: =ROUND((C10*1.353)/156*1.3,2) -> 20.86 | M10: =ROUND((C10*1.353)/156*1.5,2) -> 24.07
A11: d1 | B11: 21166.71 | C11: =+ROUND(B11/12,2) -> 1763.89 | D11: =+ROUND(C11/12,2) -> 146.99 | E11: =+D11 -> 146.99 | F11: =+E11+D11+C11 -> 2057.87 | G11: =+ROUND(F11*35.3/100,2) -> 726.43 | H11: =+$H$2*$H$1 -> 0 | I11: =+G11+F11+H11 -> 2784.3 | J11: =+ROUND(I11/156,2) -> 17.85 | K11: =ROUND((C11*1.353)/156*1.15,2) -> 17.59 | L11: =ROUND((C11*1.353)/156*1.3,2) -> 19.89 | M11: =ROUND((C11*1.353)/156*1.5,2) -> 22.95
A12: c5 | B12: 21901.32 | C12: =+ROUND(B12/12,2) -> 1825.11 | D12: =+ROUND(C12/12,2) -> 152.09 | E12: =+D12 -> 152.09 | F12: =+E12+D12+C12 -> 2129.29 | G12: =+ROUND(F12*35.3/100,2) -> 751.64 | H12: =+$H$2*$H$1 -> 0 | I12: =+G12+F12+H12 -> 2880.93 | J12: =+ROUND(I12/156,2) -> 18.47 | K12: =ROUND((C12*1.353)/156*1.15,2) -> 18.2 | L12: =ROUND((C12*1.353)/156*1.3,2) -> 20.58 | M12: =ROUND((C12*1.353)/156*1.5,2) -> 23.74
A13: c4 | B13: 21120.11 | C13: =+ROUND(B13/12,2) -> 1760.01 | D13: =+ROUND(C13/12,2) -> 146.67 | E13: =+D13 -> 146.67 | F13: =+E13+D13+C13 -> 2053.35 | G13: =+ROUND(F13*35.3/100,2) -> 724.83 | H13: =+$H$2*$H$1 -> 0 | I13: =+G13+F13+H13 -> 2778.18 | J13: =+ROUND(I13/156,2) -> 17.81 | K13: =ROUND((C13*1.353)/156*1.15,2) -> 17.55 | L13: =ROUND((C13*1.353)/156*1.3,2) -> 19.84 | M13: =ROUND((C13*1.353)/156*1.5,2) -> 22.9
A14: c3 | B14: 20472.62 | C14: =+ROUND(B14/12,2) -> 1706.05 | D14: =+ROUND(C14/12,2) -> 142.17 | E14: =+D14 -> 142.17 | F14: =+E14+D14+C14 -> 1990.39 | G14: =+ROUND(F14*35.3/100,2) -> 702.61 | H14: =+$H$2*$H$1 -> 0 | I14: =+G14+F14+H14 -> 2693 | J14: =+ROUND(I14/156,2) -> 17.26 | K14: =ROUND((C14*1.353)/156*1.15,2) -> 17.02 | L14: =ROUND((C14*1.353)/156*1.3,2) -> 19.24 | M14: =ROUND((C14*1.353)/156*1.5,2) -> 22.2
A15: c2 | B15: 19917.86 | C15: =+ROUND(B15/12,2) -> 1659.82 | D15: =+ROUND(C15/12,2) -> 138.32 | E15: =+D15 -> 138.32 | F15: =+E15+D15+C15 -> 1936.46 | G15: =+ROUND(F15*35.3/100,2) -> 683.57 | H15: =+$H$2*$H$1 -> 0 | I15: =+G15+F15+H15 -> 2620.03 | J15: =+ROUND(I15/156,2) -> 16.8 | K15: =ROUND((C15*1.353)/156*1.15,2) -> 16.56 | L15: =ROUND((C15*1.353)/156*1.3,2) -> 18.71 | M15: =ROUND((C15*1.353)/156*1.5,2) -> 21.59
A16: c1 | B16: 19454.15 | C16: =+ROUND(B16/12,2) -> 1621.18 | D16: =+ROUND(C16/12,2) -> 135.1 | E16: =+D16 -> 135.1 | F16: =+E16+D16+C16 -> 1891.38 | G16: =+ROUND(F16*35.3/100,2) -> 667.66 | H16: =+$H$2*$H$1 -> 0 | I16: =+G16+F16+H16 -> 2559.04 | J16: =+ROUND(I16/156,2) -> 16.4 | K16: =ROUND((C16*1.353)/156*1.15,2) -> 16.17 | L16: =ROUND((C16*1.353)/156*1.3,2) -> 18.28 | M16: =ROUND((C16*1.353)/156*1.5,2) -> 21.09
A17: b7 | B17: 19878.4 | C17: =+ROUND(B17/12,2) -> 1656.53 | D17: =+ROUND(C17/12,2) -> 138.04 | E17: =+D17 -> 138.04 | F17: =+E17+D17+C17 -> 1932.61 | G17: =+ROUND(F17*35.3/100,2) -> 682.21 | H17: =+$H$2*$H$1 -> 0 | I17: =+G17+F17+H17 -> 2614.82 | J17: =+ROUND(I17/156,2) -> 16.76 | K17: =ROUND((C17*1.353)/156*1.15,2) -> 16.52 | L17: =ROUND((C17*1.353)/156*1.3,2) -> 18.68 | M17: =ROUND((C17*1.353)/156*1.5,2) -> 21.55
... A28: a1 | B28: 16314.57 | C28: =+ROUND(B28/12,2) -> 1359.55 | D28: =+ROUND(C28/12,2) -> 113.3 | E28: =+D28 -> 113.3 | F28: =+E28+D28+C28 -> 1586.15 | G28: =+ROUND(F28*35.3/100,2) -> 559.91 | H28: =+$H$2*$H$1 -> 0 | I28: =+G28+F28+H28 -> 2146.06 | J28: =+ROUND(I28/156,2) -> 13.76 | K28: =ROUND((C28*1.353)/156*1.15,2) -> 13.56 | L28: =ROUND((C28*1.353)/156*1.3,2) -> 15.33 | M28: =ROUND((C28*1.353)/156*1.5,2) -> 17.69

Sheet CCNL EELL 2018
E1: valore buoni pasto | H1: 0
E2: gg/mese buoni pasto | H2: 26
A4: CCNL Enti LOCALI | J4: COSTO ORARIO (*)
B5: Retribuzione annua | C5: Retribuzione Mensile | D5: Rateo 13^ | E5: Rateo Ferie | F5: Mensile | G5: Oneri | H5: Buoni pasto | I5: Mensile all-in | J5: Orario | K5: Straordinario Feriale | L5: Straordinario Festivo o Notturno | M5: Straordinario festivo e notturno | O5: da nuovo ccnl
A6: d6 | B6: =+P6 -> 29638.84 | C6: =+ROUND(B6/12,2) -> 2469.9 | D6: =+ROUND(C6/12,2) -> 205.83 | E6: =+D6 -> 205.83 | F6: =+E6+D6+C6 -> 2881.56 | G6: =+ROUND(F6*$B$38,2) -> 1028.14 | H6: =+$H$2*$H$1 -> 0 | I6: =+G6+F6+H6 -> 3909.7 | J6: =+ROUND(I6/156,2) -> 25.06 | K6: =ROUND(((C6+D6)*$C$38)/156*1.15,2) -> 26.76 | L6: =ROUND(((C6+D6)*$C$38)/156*1.3,2) -> 30.25 | M6: =ROUND(((C6+D6)*$C$38)/156*1.5,2) -> 34.91 | O6: D6 | P6: 29638.84 | R6: D7 | S6: 31138.84
A7: d5 | B7: =+P7 -> 27723.7 | C7: =+ROUND(B7/12,2) -> 2310.31 | D7: =+ROUND(C7/12,2) -> 192.53 | E7: =+D7 -> 192.53 | F7: =+E7+D7+C7 -> 2695.37 | G7: =+ROUND(F7*$B$38,2) -> 961.71 | H7: =+$H$2*$H$1 -> 0 | I7: =+G7+F7+H7 -> 3657.08 | J7: =+ROUND(I7/156,2) -> 23.44 | K7: =ROUND(((C7+D7)*$C$38)/156*1.15,2) -> 25.03 | L7: =ROUND(((C7+D7)*$C$38)/156*1.3,2) -> 28.3 | M7: =ROUND(((C7+D7)*$C$38)/156*1.5,2) -> 32.65 | O7: D5 | P7: 27723.7 | R7: C6 | S7: 23543.2
A8: d4 | B8: =+P8 -> 26538.88 | C8: =+ROUND(B8/12,2) -> 2211.57 | D8: =+ROUND(C8/12,2) -> 184.3 | E8: =+D8 -> 184.3 | F8: =+E8+D8+C8 -> 2580.17 | G8: =+ROUND(F8*$B$38,2) -> 920.6 | H8: =+$H$2*$H$1 -> 0 | I8: =+G8+F8+H8 -> 3500.77 | J8: =+ROUND(I8/156,2) -> 22.44 | K8: =ROUND(((C8+D8)*$C$38)/156*1.15,2) -> 23.96 | L8: =ROUND(((C8+D8)*$C$38)/156*1.3,2) -> 27.09 | M8: =ROUND(((C8+D8)*$C$38)/156*1.5,2) -> 31.26 | O8: D4 | P8: 26538.88 | R8: B8 | S8: 21248.24
A9: d3 | B9: =+P9 -> 25451.86 | C9: =+ROUND(B9/12,2) -> 2120.99 | D9: =+ROUND(C9/12,2) -> 176.75 | E9: =+D9 -> 176.75 | F9: =+E9+D9+C9 -> 2474.49 | G9: =+ROUND(F9*$B$38,2) -> 882.9 | H9: =+$H$2*$H$1 -> 0 | I9: =+G9+F9+H9 -> 3357.39 | J9: =+ROUND(I9/156,2) -> 21.52 | K9: =ROUND(((C9+D9)*$C$38)/156*1.15,2) -> 22.98 | L9: =ROUND(((C9+D9)*$C$38)/156*1.3,2) -> 25.98 | M9: =ROUND(((C9+D9)*$C$38)/156*1.5,2) -> 29.98 | O9: D3 | P9: 25451.86 | R9: A6 | S9: 18661.97
A10: d2 | B10: =+P10 -> 23220.05 | C10: =+ROUND(B10/12,2) -> 1935 | D10: =+ROUND(C10/12,2) -> 161.25 | E10: =+D10 -> 161.25 | F10: =+E10+D10+C10 -> 2257.5 | G10: =+ROUND(F10*$B$38,2) -> 805.48 | H10: =+$H$2*$H$1 -> 0 | I10: =+G10+F10+H10 -> 3062.98 | J10: =+ROUND(I10/156,2) -> 19.63 | K10: =ROUND(((C10+D10)*$C$38)/156*1.15,2) -> 20.97 | L10: =ROUND(((C10+D10)*$C$38)/156*1.3,2) -> 23.7 | M10: =ROUND(((C10+D10)*$C$38)/156*1.5,2) -> 27.35 | O10: D2 | P10: 23220.05
A11: d1 | B11: =+P11 -> 22135.47 | C11: =+ROUND(B11/12,2) -> 1844.62 | D11: =+ROUND(C11/12,2) -> 153.72 | E11: =+D11 -> 153.72 | F11: =+E11+D11+C11 -> 2152.06 | G11: =+ROUND(F11*$B$38,2) -> 767.86 | H11: =+$H$2*$H$1 -> 0 | I11: =+G11+F11+H11 -> 2919.92 | J11: =+ROUND(I11/156,2) -> 18.72 | K11: =ROUND(((C11+D11)*$C$38)/156*1.15,2) -> 19.99 | L11: =ROUND(((C11+D11)*$C$38)/156*1.3,2) -> 22.59 | M11: =ROUND(((C11+D11)*$C$38)/156*1.5,2) -> 26.07 | O11: D1 | P11: 22135.47
A12: c5 | B12: =+P12 -> 22903.2 | C12: =+ROUND(B12/12,2) -> 1908.6 | D12: =+ROUND(C12/12,2) -> 159.05 | E12: =+D12 -> 159.05 | F12: =+E12+D12+C12 -> 2226.7 | G12: =+ROUND(F12*$B$38,2) -> 794.49 | H12: =+$H$2*$H$1 -> 0 | I12: =+G12+F12+H12 -> 3021.19 | J12: =+ROUND(I12/156,2) -> 19.37 | K12: =ROUND(((C12+D12)*$C$38)/156*1.15,2) -> 20.68 | L12: =ROUND(((C12+D12)*$C$38)/156*1.3,2) -> 23.38 | M12: =ROUND(((C12+D12)*$C$38)/156*1.5,2) -> 26.97 | O12: C5 | P12: 22903.2
A13: c4 | B13: =+P13 -> 22086.11 | C13: =+ROUND(B13/12,2) -> 1840.51 | D13: =+ROUND(C13/12,2) -> 153.38 | E13: =+D13 -> 153.38 | F13: =+E13+D13+C13 -> 2147.27 | G13: =+ROUND(F13*$B$38,2) -> 766.15 | H13: =+$H$2*$H$1 -> 0 | I13: =+G13+F13+H13 -> 2913.42 | J13: =+ROUND(I13/156,2) -> 18.68 | K13: =ROUND(((C13+D13)*$C$38)/156*1.15,2) -> 19.94 | L13: =ROUND(((C13+D13)*$C$38)/156*1.3,2) -> 22.54 | M13: =ROUND(((C13+D13)*$C$38)/156*1.5,2) -> 26.01 | O13: C4 | P13: 22086.11
A14: c3 | B14: =+P14 -> 21409.82 | C14: =+ROUND(B14/12,2) -> 1784.15 | D14: =+ROUND(C14/12,2) -> 148.68 | E14: =+D14 -> 148.68 | F14: =+E14+D14+C14 -> 2081.51 | G14: =+ROUND(F14*$B$38,2) -> 742.68 | H14: =+$H$2*$H$1 -> 0 | I14: =+G14+F14+H14 -> 2824.19 | J14: =+ROUND(I14/156,2) -> 18.1 | K14: =ROUND(((C14+D14)*$C$38)/156*1.15,2) -> 19.33 | L14: =ROUND(((C14+D14)*$C$38)/156*1.3,2) -> 21.85 | M14: =ROUND(((C14+D14)*$C$38)/156*1.5,2) -> 25.22 | O14: C3 | P14: 21409.82
A15: c2 | B15: =+P15 -> 20829.26 | C15: =+ROUND(B15/12,2) -> 1735.77 | D15: =+ROUND(C15/12,2) -> 144.65 | E15: =+D15 -> 144.65 | F15: =+E15+D15+C15 -> 2025.07 | G15: =+ROUND(F15*$B$38,2) -> 722.54 | H15: =+$H$2*$H$1 -> 0 | I15: =+G15+F15+H15 -> 2747.61 | J15: =+ROUND(I15/156,2) -> 17.61 | K15: =ROUND(((C15+D15)*$C$38)/156*1.15,2) -> 18.81 | L15: =ROUND(((C15+D15)*$C$38)/156*1.3,2) -> 21.26 | M15: =ROUND(((C15+D15)*$C$38)/156*1.5,2) -> 24.53 | O15: C2 | P15: 20829.26
A16: c1 | B16: =+P16 -> 20344.07 | C16: =+ROUND(B16/12,2) -> 1695.34 | D16: =+ROUND(C16/12,2) -> 141.28 | E16: =+D16 -> 141.28 | F16: =+E16+D16+C16 -> 1977.9 | G16: =+ROUND(F16*$B$38,2) -> 705.71 | H16: =+$H$2*$H$1 -> 0 | I16: =+G16+F16+H16 -> 2683.61 | J16: =+ROUND(I16/156,2) -> 17.2 | K16: =ROUND(((C16+D16)*$C$38)/156*1.15,2) -> 18.37 | L16: =ROUND(((C16+D16)*$C$38)/156*1.3,2) -> 20.77 | M16: =ROUND(((C16+D16)*$C$38)/156*1.5,2) -> 23.96 | O16: C1 | P16: 20344.07
A17: b7 | B17: =+P17 -> 20788.24 | C17: =+ROUND(B17/12,2) -> 1732.35 | D17: =+ROUND(C17/12,2) -> 144.36 | E17: =+D17 -> 144.36 | F17: =+E17+D17+C17 -> 2021.07 | G17: =+ROUND(F17*$B$38,2) -> 721.12 | H17: =+$H$2*$H$1 -> 0 | I17: =+G17+F17+H17 -> 2742.19 | J17: =+ROUND(I17/156,2) -> 17.58 | K17: =ROUND(((C17+D17)*$C$38)/156*1.15,2) -> 18.77 | L17: =ROUND(((C17+D17)*$C$38)/156*1.3,2) -> 21.22 | M17: =ROUND(((C17+D17)*$C$38)/156*1.5,2) -> 24.48 | O17: B7 | P17: 20788.24
A18: b6 | B18: =+P18 -> 20019.1 | C18: =+ROUND(B18/12,2) -> 1668.26 | D18: =+ROUND(C18/12,2) -> 139.02 | E18: =+D18 -> 139.02 | F18: =+E18+D18+C18 -> 1946.3 | G18: =+ROUND(F18*$B$38,2) -> 694.44 | H18: =+$H$2*$H$1 -> 0 | I18: =+G18+F18+H18 -> 2640.74 | J18: =+ROUND(I18/156,2) -> 16.93 | K18: =ROUND(((C18+D18)*$C$38)/156*1.15,2) -> 18.08 | L18: =ROUND(((C18+D18)*$C$38)/156*1.3,2) -> 20.43 | M18: =ROUND(((C18+D18)*$C$38)/156*1.5,2) -> 23.58 | O18: B6 | P18: 20019.1
A19: b5 | B19: =+P19 -> 19669.91 | C19: =+ROUND(B19/12,2) -> 1639.16 | D19: =+ROUND(C19/12,2) -> 136.6 | E19: =+D19 -> 136.6 | F19: =+E19+D19+C19 -> 1912.36 | G19: =+ROUND(F19*$B$38,2) -> 682.33 | H19: =+$H$2*$H$1 -> 0 | I19: =+G19+F19+H19 -> 2594.69 | J19: =+ROUND(I19/156,2) -> 16.63 | K19: =ROUND(((C19+D19)*$C$38)/156*1.15,2) -> 17.76 | L19: =ROUND(((C19+D19)*$C$38)/156*1.3,2) -> 20.08 | M19: =ROUND(((C19+D19)*$C$38)/156*1.5,2) -> 23.17 | O19: B5 | P19: 19669.91
A20: b4 | B20: =+P20 -> 19343.33 | C20: =+ROUND(B20/12,2) -> 1611.94 | D20: =+ROUND(C20/12,2) -> 134.33 | E20: =+D20 -> 134.33 | F20: =+E20+D20+C20 -> 1880.6 | G20: =+ROUND(F20*$B$38,2) -> 671 | H20: =+$H$2*$H$1 -> 0 | I20: =+G20+F20+H20 -> 2551.6 | J20: =+ROUND(I20/156,2) -> 16.36 | K20: =ROUND(((C20+D20)*$C$38)/156*1.15,2) -> 17.47 | L20: =ROUND(((C20+D20)*$C$38)/156*1.3,2) -> 19.74 | M20: =ROUND(((C20+D20)*$C$38)/156*1.5,2) -> 22.78 | O20: B4 | P20: 19343.33
A21: b3 | B21: =+P21 -> 19063.8 | C21: =+ROUND(B21/12,2) -> 1588.65 | D21: =+ROUND(C21/12,2) -> 132.39 | E21: =+D21 -> 132.39 | F21: =+E21+D21+C21 -> 1853.43 | G21: =+ROUND(F21*$B$38,2) -> 661.3 | H21: =+$H$2*$H$1 -> 0 | I21: =+G21+F21+H21 -> 2514.73 | J21: =+ROUND(I21/156,2) -> 16.12 | K21: =ROUND(((C21+D21)*$C$38)/156*1.15,2) -> 17.21 | L21: =ROUND(((C21+D21)*$C$38)/156*1.3,2) -> 19.46 | M21: =ROUND(((C21+D21)*$C$38)/156*1.5,2) -> 22.45 | O21: B3 | P21: 19063.8
... A28: a1 | B28: =+P28 -> 17060.97 | C28: =+ROUND(B28/12,2) -> 1421.75 | D28: =+ROUND(C28/12,2) -> 118.48 | E28: =+D28 -> 118.48 | F28: =+E28+D28+C28 -> 1658.71 | G28: =+ROUND(F28*$B$38,2) -> 591.83 | H28: =+$H$2*$H$1 -> 0 | I28: =+G28+F28+H28 -> 2250.54 | J28: =+ROUND(I28/156,2) -> 14.43 | K28: =ROUND(((C28+D28)*$C$38)/156*1.15,2) -> 15.41 | L28: =ROUND(((C28+D28)*$C$38)/156*1.3,2) -> 17.41 | M28: =ROUND(((C28+D28)*$C$38)/156*1.5,2) -> 20.09 | O28: A1 | P28: 17060.97
A31: (*) da art. 10 del ccnl 9/5/2006, un mese è fatto da 156 ore
A33: Oneri riflessi
A34: CPDEL | B34: 0.238
A35: Irap | B35: 0.085
A36: Inail | B36: 0.005
A37: Inadel (3,60% su 80% retribuzione) -TFS | B37: =3.6%*0.8 -> 0.0288
B38: =+SUM(B34:B37) -> 0.3568 | C38: =+B38+1 -> 1.3568

Sheet CCNL cooperative (11-19)
A1: TipologiaAliquota IRAP | B1: Specifica
A2: Regione | B2: =+INPUT!C2 -> Sicilia
A3: Aliquota Irap Applicata | B3: =+IF(B1="Generale",0.039,INDEX(C48:C51,MATCH(B2,B48:B51,0))) -> 0
A5: Indennità di turno | B5: No
A6: Numero ore annuali lavorate | B6: 1548 | C6: 1548
A9: Livelli | B9: A1 | C9: A2 | D9: B1 | E9: B1 con i.f. | F9: C1 | G9: C2 | H9: C3/D1 | I9: C3/D1 con i.p. | J9: D2 | K9: D2 con i.p. | L9: D3/E1 | M9: E2 | N9: E2 con i.p. | O9: F1 | P9: F1 con i.p. | Q9: F2 | R9: F2 con i.d.
A10: Minimi contr.li conglobati mensili | B10: 1214.99 | C10: 1226.23 | D10: 1283.36 | F10: 1380.21 | G10: 1421.55 | H10: 1463.53 | I10: 1463.53 | J10: 1543.82 | K10: 1543.82 | L10: 1643.47 | M10: 1773.89 | N10: 1773.89 | O10: 1959.19 | P10: 1959.19 | Q10: 2237.47 | R10: 2237.47
A11: Anzianità (tre scatti) | B11: 34.86 | C11: 40.29 | D11: 48.81 | F11: 55.77 | G11: 58.89 | H11: 61.98 | I11: 61.98 | J11: 69.72 | K11: 69.72 | L11: 80.58 | M11: 94.5 | N11: 94.5 | O11: 118.53 | P11: 118.53 | Q11: 139.44 | R11: 139.44
A12: Indennità professionali | I12: 61.97 | K12: 154.94 | N12: 258.23 | P12: 258.23 | R12: 232.41
A13: Indennità di funzione | M13: 77.47 | O13: 154.94 | Q13: 232.41
A14: Altre indennità | B14: 30.98 | C14: 31.27 | D14: 32.73 | F14: 35.2 | G14: 36.25 | H14: 37.32 | I14: 37.32 | J14: 39.37 | K14: 39.37 | L14: 41.91 | M14: 45.23 | N14: 45.23 | O14: 49.96 | P14: 49.96 | Q14: 57.06 | R14: 57.06
A16: Lordo Mensile | B16: =+SUM(B10:B14) -> 1280.83 | C16: =+SUM(C10:C14) -> 1297.79 | D16: =+SUM(D10:D14) -> 1364.9 | E16: =+SUM(E10:E14) -> 0 | F16: =+SUM(F10:F14) -> 1471.18 | G16: =+SUM(G10:G14) -> 1516.69 | H16: =+SUM(H10:H14) -> 1562.83 | I16: =+SUM(I10:I14) -> 1624.8 | ... R16: =+SUM(R10:R14) -> 2666.38
A17: Totale Lordo annuo+ 13esima | B17: =+B16*13 -> 16650.79 | C17: =+C16*13 -> 16871.27 | D17: =+D16*13 -> 17743.7 | E17: =+E16*13 -> 0 | F17: =+F16*13 -> 19125.34 | G17: =+G16*13 -> 19716.97 | H17: =+H16*13 -> 20316.79 | I17: =+I16*13 -> 21122.4 | ... R17: =+R16*13 -> 34662.94
A19: Oneri
A20: Inps (27,33%) | B20: =+B17*0.2733 -> 4550.6609 | C20: =+C17*0.2733 -> 4610.9181 | D20: =+D17*0.2733 -> 4849.3532 | F20: =+F17*0.2733 -> 5226.9554 | G20: =+G17*0.2733 -> 5388.6479 | H20: =+H17*0.2733 -> 5552.5787 | I20: =+I17*0.2733 -> 5772.7519 | J20: =+J17*0.2733 -> 5872.6239 | K20: =+K17*0.2733 -> 6423.1103 | L20: =+L17*0.2733 -> 6274.2793 | M20: =+M17*0.2733 -> 7074.1437 | ... R20: =+R17*0.2733 -> 9473.3815
A21: Inail (3%) | B21: =+B17*0.03 -> 499.5237 | C21: =+C17*0.03 -> 506.1381 | D21: =+D17*0.03 -> 532.311 | F21: =+F17*0.03 -> 573.7602 | G21: =+G17*0.03 -> 591.5091 | H21: =+H17*0.03 -> 609.5037 | I21: =+I17*0.03 -> 633.672 | J21: =+J17*0.03 -> 644.6349 | K21: =+K17*0.03 -> 705.0615 | L21: =+L17*0.03 -> 688.7244 | M21: =+M17*0.03 -> 776.5251 | ... R21: =+R17*0.03 -> 1039.8882
A22: Totale oneri | B22: =+B21+B20 -> 5050.1846 | C22: =+C21+C20 -> 5117.0562 | D22: =+D21+D20 -> 5381.6642 | F22: =+F21+F20 -> 5800.7156 | G22: =+G21+G20 -> 5980.157 | H22: =+H21+H20 -> 6162.0824 | I22: =+I21+I20 -> 6406.4239 | J22: =+J21+J20 -> 6517.2588 | K22: =+K21+K20 -> 7128.1718 | L22: =+L21+L20 -> 6963.0037 | M22: =+M21+M20 -> 7850.6688 | ... R22: =+R21+R20 -> 10513.27
A24: Oneri per la sciurezza | B24: 200 | C24: 200 | D24: 200 | F24: 200 | G24: 200 | H24: 200 | I24: 200 | J24: 200 | K24: 200 | L24: 200 | M24: 200 | N24: 200 | O24: 200 | P24: 200 | Q24: 200 | R24: 200
A25: TFR | B25: =+B16*0.962962 -> 1233.3906 | C25: =+C16*0.962962 -> 1249.7225 | D25: =+D16*0.962962 -> 1314.3468 | F25: =+F16*0.962962 -> 1416.6904 | G25: =+G16*0.962962 -> 1460.5148 | H25: =+H16*0.962962 -> 1504.9459 | I25: =+I16*0.962962 -> 1564.6207 | J25: =+J16*0.962962 -> 1591.6895 | K25: =+K16*0.962962 -> 1740.8909 | L25: =+L16*0.962962 -> 1700.5524 | M25: =+M16*0.962962 -> 1917.344 | ... R25: =+R16*0.962962 -> 2567.6226
A26: Rivalutazione T.F.R. (2,2418% ) * stimata su 6 anni | B26: =+B25*0.022418*6 -> 165.90091 | C26: =+C25*0.022418*6 -> 168.09767 | D26: =+D25*0.022418*6 -> 176.79016 | F26: =+F25*0.022418*6 -> 190.5562 | G26: =+G25*0.022418*6 -> 196.45093 | H26: =+H25*0.022418*6 -> 202.42726 | I26: =+I25*0.022418*6 -> 210.454 | J26: =+J25*0.022418*6 -> 214.09497 | K26: =+K25*0.022418*6 -> 234.16375 | L26: =+L25*0.022418*6 -> 228.7379 | M26: =+M25*0.022418*6 -> 257.89811 | ... R26: =+R25*0.022418*6 -> 345.36578
A27: Previdenza complementare (1,5%) | B27: =+B17*0.015 -> 249.76185 | C27: =+C17*0.015 -> 253.06905 | D27: =+D17*0.015 -> 266.1555 | F27: =+F17*0.015 -> 286.8801 | G27: =+G17*0.015 -> 295.75455 | H27: =+H17*0.015 -> 304.75185 | I27: =+I17*0.015 -> 316.836 | J27: =+J17*0.015 -> 322.31745 | K27: =+K17*0.015 -> 352.53075 | L27: =+L17*0.015 -> 344.3622 | M27: =+M17*0.015 -> 388.26255 | ... R27: =+R17*0.015 -> 519.9441
A28: Assistenza Sanitaria Integrativa | B28: 66 | C28: 66 | D28: 66 | F28: 66 | G28: 66 | H28: 66 | I28: 66 | J28: 66 | K28: 66 | L28: 66 | M28: 66 | N28: 66 | O28: 66 | P28: 66 | Q28: 66 | R28: 66
A30: Costo Annuo | B30: =+B17+B22+B25+B26+B27+B28+B24 -> 23616.028 | C30: =+C17+C22+C25+C26+C27+C28+C24 -> 23925.215 | D30: =+D17+D22+D25+D26+D27+D28+D24 -> 25148.657 | F30: =+F17+F22+F25+F26+F27+F28+F24 -> 27086.182 | G30: =+G17+G22+G25+G26+G27+G28+G24 -> 27915.847 | H30: =+H17+H22+H25+H26+H27+H28+H24 -> 28756.997 | I30: =+I17+I22+I25+I26+I27+I28+I24 -> 29886.735 | J30: =+J17+J22+J25+J26+J27+J28+J24 -> 30399.191 | K30: =+K17+K22+K25+K26+K27+K28+K24 -> 33223.807 | L30: =+L17+L22+L25+L26+L27+L28+L24 -> 32460.136 | M30: =+M17+M22+M25+M26+M27+M28+M24 -> 36564.343 | ... R30: =+R17+R22+R25+R26+R27+R28+R24 -> 48875.142
A31: Indennità di turno | B31: =+IF($B$5="Si",B56,0) -> 0 | C31: =+IF($B$5="Si",C56,0) -> 0 | D31: =+IF($B$5="Si",D56,0) -> 0 | F31: =+IF($B$5="Si",F56,0) -> 0 | G31: =+IF($B$5="Si",G56,0) -> 0 | H31: =+IF($B$5="Si",H56,0) -> 0 | I31: =+IF($B$5="Si",I56,0) -> 0 | J31: =+IF($B$5="Si",J56,0) -> 0 | K31: =+IF($B$5="Si",K56,0) -> 0 | L31: =+IF($B$5="Si",L56,0) -> 0 | M31: =+IF($B$5="Si",M56,0) -> 0 | ... R31: =+IF($B$5="Si",R56,0) -> 0
A33: Totale costo annuo | B33: =+B31+B30 -> 23616.028 | C33: =+C31+C30 -> 23925.215 | D33: =+D31+D30 -> 25148.657 | F33: =+F31+F30 -> 27086.182 | G33: =+G31+G30 -> 27915.847 | H33: =+H31+H30 -> 28756.997 | I33: =+I31+I30 -> 29886.735 | J33: =+J31+J30 -> 30399.191 | K33: =+K31+K30 -> 33223.807 | L33: =+L31+L30 -> 32460.136 | M33: =+M31+M30 -> 36564.343 | ... R33: =+R31+R30 -> 48875.142
A35: Costo orario | B35: =+ROUND(B33/$B$6,2) -> 15.26 | C35: =+ROUND(C33/$B$6,2) -> 15.46 | D35: =+ROUND(D33/$B$6,2) -> 16.25 | F35: =+ROUND(F33/$B$6,2) -> 17.5 | G35: =+ROUND(G33/$B$6,2) -> 18.03 | H35: =+ROUND(H33/$B$6,2) -> 18.58 | I35: =+ROUND(I33/$B$6,2) -> 19.31 | J35: =+ROUND(J33/$B$6,2) -> 19.64 | K35: =+ROUND(K33/$B$6,2) -> 21.46 | L35: =+ROUND(L33/$B$6,2) -> 20.97 | M35: =+ROUND(M33/$B$6,2) -> 23.62 | ... R35: =+ROUND(R33/$B$6,2) -> 31.57
A36: imponibile irap | B36: =+B33-B21-B27-B24 -> 22666.742 | C36: =+C33-C21-C27-C24 -> 22966.008 | D36: =+D33-D21-D27-D24 -> 24150.19 | E36: =+E33-E21-E27-E24 -> 0 | F36: =+F33-F21-F27-F24 -> 26025.542 | G36: =+G33-G21-G27-G24 -> 26828.584 | H36: =+H33-H21-H27-H24 -> 27642.742 | I36: =+I33-I21-I27-I24 -> 28736.227 | ... R36: =+R33-R21-R27-R24 -> 47115.31
A37: imponibile irap orario | B37: =+ROUND(B36/$B$6,2) -> 14.64 | C37: =+ROUND(C36/$B$6,2) -> 14.84 | D37: =+ROUND(D36/$B$6,2) -> 15.6 | F37: =+ROUND(F36/$B$6,2) -> 16.81 | G37: =+ROUND(G36/$B$6,2) -> 17.33 | H37: =+ROUND(H36/$B$6,2) -> 17.86 | I37: =+ROUND(I36/$B$6,2) -> 18.56 | J37: =+ROUND(J36/$B$6,2) -> 18.88 | K37: =+ROUND(K36/$B$6,2) -> 20.65 | L37: =+ROUND(L36/$B$6,2) -> 20.17 | M37: =+ROUND(M36/$B$6,2) -> 22.74 | ... R37: =+ROUND(R36/$B$6,2) -> 30.44
A38: Irap forfettaria al 3,9% | B38: =+B37*0.039 -> 0.57096 | C38: =+C37*0.039 -> 0.57876 | D38: =+D37*0.039 -> 0.6084 | F38: =+F37*0.039 -> 0.65559 | G38: =+G37*0.039 -> 0.67587 | H38: =+H37*0.039 -> 0.69654 | I38: =+I37*0.039 -> 0.72384 | J38: =+J37*0.039 -> 0.73632 | K38: =+K37*0.039 -> 0.80535 | L38: =+L37*0.039 -> 0.78663 | M38: =+M37*0.039 -> 0.88686 | ... R38: =+R37*0.039 -> 1.18716
A39: Irap | B39: =+ROUND(B37*$B$3,2) -> 0 | C39: =+ROUND(C37*$B$3,2) -> 0 | D39: =+ROUND(D37*$B$3,2) -> 0 | F39: =+ROUND(F37*$B$3,2) -> 0 | G39: =+ROUND(G37*$B$3,2) -> 0 | H39: =+ROUND(H37*$B$3,2) -> 0 | I39: =+ROUND(I37*$B$3,2) -> 0 | J39: =+ROUND(J37*$B$3,2) -> 0 | K39: =+ROUND(K37*$B$3,2) -> 0 | L39: =+ROUND(L37*$B$3,2) -> 0 | M39: =+ROUND(M37*$B$3,2) -> 0 | ... R39: =+ROUND(R37*$B$3,2) -> 0
A40: Totale costo orario | B40: =+B39+B35 -> 15.26 | C40: =+C39+C35 -> 15.46 | D40: =+D39+D35 -> 16.25 | F40: =+F39+F35 -> 17.5 | G40: =+G39+G35 -> 18.03 | H40: =+H39+H35 -> 18.58 | I40: =+I39+I35 -> 19.31 | J40: =+J39+J35 -> 19.64 | K40: =+K39+K35 -> 21.46 | L40: =+L39+L35 -> 20.97 | M40: =+M39+M35 -> 23.62 | ... R40: =+R39+R35 -> 31.57
B45: Specifica
B46: Specifica
B48: Calabria | C48: =4.97% -> 0.0497
B49: Campania | C49: =4.4% -> 0.044
B50: Sicilia | C50: 0
B51: Puglia | C51: 0
B53: Si
B54: No
A56: indennità di turno | B56: 2702.73 | C56: 2738.51 | D56: 2880.13 | F56: 3104.4 | G56: 3200.43 | H56: 3297.79 | I56: 3428.55 | J56: 3487.87 | K56: 3814.81 | L56: 3726.42 | M56: 4201.49 | N56: 4582.91 | O56: 4816.65 | P56: 5034.61 | Q56: 5626.43 | R56: 5626.43

Sheet CCNL cooperative (4-20)
A1: TipologiaAliquota IRAP | B1: Specifica
A2: Regione | B2: =+INPUT!C2 -> Sicilia
A3: Aliquota Irap Applicata | B3: =+IF(B1="Generale",0.039,INDEX(C48:C51,MATCH(B2,B48:B51,0))) -> 0
A5: Indennità di turno | B5: No
A6: Numero ore annuali lavorate | B6: 1548 | C6: 1548
A9: Livelli | B9: A1 | C9: A2 | D9: B1 | E9: B1 con i.f. | F9: C1 | G9: C2 | H9: C3/D1 | I9: C3/D1 con i.p. | J9: D2 | K9: D2 con i.p. | L9: D3/E1 | M9: E2 | N9: E2 con i.p. | O9: F1 | P9: F1 con i.p. | Q9: F2 | R9: F2 con i.d.
A10: Minimi contr.li conglobati mensili | B10: 1236.99 | C10: 1248.44 | D10: 1306.61 | F10: 1405.21 | G10: 1447.3 | H10: 1490.04 | I10: 1490.04 | J10: 1571.78 | K10: 1571.78 | L10: 1673.23 | M10: 1806.03 | N10: 1806.03 | O10: 1994.68 | P10: 1994.68 | Q10: 2277.99 | R10: 2277.99
A11: Anzianità (tre scatti) | B11: 34.86 | C11: 40.29 | D11: 48.81 | F11: 55.77 | G11: 58.89 | H11: 61.98 | I11: 61.98 | J11: 69.72 | K11: 69.72 | L11: 80.58 | M11: 94.5 | N11: 94.5 | O11: 118.53 | P11: 118.53 | Q11: 139.44 | R11: 139.44
A12: Indennità professionali | I12: 61.97 | K12: 154.94 | N12: 258.23 | P12: 258.23 | R12: 232.41
A13: Indennità di funzione | M13: 77.47 | O13: 154.94 | Q13: 232.41
A14: Altre indennità | B14: 31.54 | C14: 31.84 | D14: 33.32 | F14: 35.83 | G14: 36.91 | H14: 38 | I14: 38 | J14: 40.08 | K14: 40.08 | L14: 42.67 | M14: 46.05 | N14: 46.05 | O14: 50.86 | P14: 50.86 | Q14: 58.09 | R14: 58.09
A16: Lordo Mensile | B16: =+SUM(B10:B14) -> 1303.39 | C16: =+SUM(C10:C14) -> 1320.57 | D16: =+SUM(D10:D14) -> 1388.74 | E16: =+SUM(E10:E14) -> 0 | F16: =+SUM(F10:F14) -> 1496.81 | G16: =+SUM(G10:G14) -> 1543.1 | H16: =+SUM(H10:H14) -> 1590.02 | I16: =+SUM(I10:I14) -> 1651.99 | ... R16: =+SUM(R10:R14) -> 2707.93
A17: Totale Lordo annuo+ 13esima | B17: =+B16*13 -> 16944.07 | C17: =+C16*13 -> 17167.41 | D17: =+D16*13 -> 18053.62 | E17: =+E16*13 -> 0 | F17: =+F16*13 -> 19458.53 | G17: =+G16*13 -> 20060.3 | H17: =+H16*13 -> 20670.26 | I17: =+I16*13 -> 21475.87 | ... R17: =+R16*13 -> 35203.09
A19: Oneri
A20: Inps (27,33%) | B20: =+B17*0.2733 -> 4630.8143 | C20: =+C17*0.2733 -> 4691.8532 | D20: =+D17*0.2733 -> 4934.0543 | F20: =+F17*0.2733 -> 5318.0162 | G20: =+G17*0.2733 -> 5482.48 | H20: =+H17*0.2733 -> 5649.1821 | I20: =+I17*0.2733 -> 5869.3553 | J20: =+J17*0.2733 -> 5974.4856 | K20: =+K17*0.2733 -> 6524.9719 | L20: =+L17*0.2733 -> 6382.7138 | M20: =+M17*0.2733 -> 7191.2472 | ... R20: =+R17*0.2733 -> 9621.0045
A21: Inail (3%) | B21: =+B17*0.03 -> 508.3221 | C21: =+C17*0.03 -> 515.0223 | D21: =+D17*0.03 -> 541.6086 | F21: =+F17*0.03 -> 583.7559 | G21: =+G17*0.03 -> 601.809 | H21: =+H17*0.03 -> 620.1078 | I21: =+I17*0.03 -> 644.2761 | J21: =+J17*0.03 -> 655.8162 | K21: =+K17*0.03 -> 716.2428 | L21: =+L17*0.03 -> 700.6272 | M21: =+M17*0.03 -> 789.3795 | ... R21: =+R17*0.03 -> 1056.0927
A22: Totale oneri | B22: =+B21+B20 -> 5139.1364 | C22: =+C21+C20 -> 5206.8755 | D22: =+D21+D20 -> 5475.6629 | F22: =+F21+F20 -> 5901.7721 | G22: =+G21+G20 -> 6084.289 | H22: =+H21+H20 -> 6269.2899 | I22: =+I21+I20 -> 6513.6314 | J22: =+J21+J20 -> 6630.3018 | K22: =+K21+K20 -> 7241.2147 | L22: =+L21+L20 -> 7083.341 | M22: =+M21+M20 -> 7980.6267 | ... R22: =+R21+R20 -> 10677.097
A24: Oneri per la sciurezza | B24: 200 | C24: 200 | D24: 200 | F24: 200 | G24: 200 | H24: 200 | I24: 200 | J24: 200 | K24: 200 | L24: 200 | M24: 200 | N24: 200 | O24: 200 | P24: 200 | Q24: 200 | R24: 200
A25: TFR | B25: =+B16*0.962962 -> 1255.115 | C25: =+C16*0.962962 -> 1271.6587 | D25: =+D16*0.962962 -> 1337.3038 | F25: =+F16*0.962962 -> 1441.3712 | G25: =+G16*0.962962 -> 1485.9467 | H25: =+H16*0.962962 -> 1531.1288 | I25: =+I16*0.962962 -> 1590.8036 | J25: =+J16*0.962962 -> 1619.2976 | K25: =+K16*0.962962 -> 1768.499 | L25: =+L16*0.962962 -> 1729.942 | M25: =+M16*0.962962 -> 1949.0832 | ... R25: =+R16*0.962962 -> 2607.6337
A26: Rivalutazione T.F.R. (1,8673% ) * stimata su 6 anni | B26: =+B25*0.018673*6 -> 140.62058 | C26: =+C25*0.018673*6 -> 142.4741 | D26: =+D25*0.018673*6 -> 149.82885 | E26: =+E25*0.018673*6 -> 0 | F26: =+F25*0.018673*6 -> 161.48834 | G26: =+G25*0.018673*6 -> 166.48249 | H26: =+H25*0.018673*6 -> 171.54461 | I26: =+I25*0.018673*6 -> 178.23045 | ... R26: =+R25*0.018673*6 -> 292.15406
A27: Previdenza complementare (1,5%) | B27: =+B17*0.015 -> 254.16105 | C27: =+C17*0.015 -> 257.51115 | D27: =+D17*0.015 -> 270.8043 | F27: =+F17*0.015 -> 291.87795 | G27: =+G17*0.015 -> 300.9045 | H27: =+H17*0.015 -> 310.0539 | I27: =+I17*0.015 -> 322.13805 | J27: =+J17*0.015 -> 327.9081 | K27: =+K17*0.015 -> 358.1214 | L27: =+L17*0.015 -> 350.3136 | M27: =+M17*0.015 -> 394.68975 | ... R27: =+R17*0.015 -> 528.04635
A28: Assistenza Sanitaria Integrativa | B28: 66 | C28: 66 | D28: 66 | F28: 66 | G28: 66 | H28: 66 | I28: 66 | J28: 66 | K28: 66 | L28: 66 | M28: 66 | N28: 66 | O28: 66 | P28: 66 | Q28: 66 | R28: 66
A30: Costo Annuo | B30: =+B17+B22+B25+B26+B27+B28+B24 -> 23999.103 | C30: =+C17+C22+C25+C26+C27+C28+C24 -> 24311.929 | D30: =+D17+D22+D25+D26+D27+D28+D24 -> 25553.22 | F30: =+F17+F22+F25+F26+F27+F28+F24 -> 27521.04 | G30: =+G17+G22+G25+G26+G27+G28+G24 -> 28363.923 | H30: =+H17+H22+H25+H26+H27+H28+H24 -> 29218.277 | I30: =+I17+I22+I25+I26+I27+I28+I24 -> 30346.673 | J30: =+J17+J22+J25+J26+J27+J28+J24 -> 30885.47 | K30: =+K17+K22+K25+K26+K27+K28+K24 -> 33706.734 | L30: =+L17+L22+L25+L26+L27+L28+L24 -> 32977.656 | M30: =+M17+M22+M25+M26+M27+M28+M24 -> 37121.421 | ... R30: =+R17+R22+R25+R26+R27+R28+R24 -> 49574.021
A31: Indennità di turno | B31: =+IF($B$5="Si",B56,0) -> 0 | C31: =+IF($B$5="Si",C56,0) -> 0 | D31: =+IF($B$5="Si",D56,0) -> 0 | F31: =+IF($B$5="Si",F56,0) -> 0 | G31: =+IF($B$5="Si",G56,0) -> 0 | H31: =+IF($B$5="Si",H56,0) -> 0 | I31: =+IF($B$5="Si",I56,0) -> 0 | J31: =+IF($B$5="Si",J56,0) -> 0 | K31: =+IF($B$5="Si",K56,0) -> 0 | L31: =+IF($B$5="Si",L56,0) -> 0 | M31: =+IF($B$5="Si",M56,0) -> 0 | ... R31: =+IF($B$5="Si",R56,0) -> 0
A33: Totale costo annuo | B33: =+B31+B30 -> 23999.103 | C33: =+C31+C30 -> 24311.929 | D33: =+D31+D30 -> 25553.22 | F33: =+F31+F30 -> 27521.04 | G33: =+G31+G30 -> 28363.923 | H33: =+H31+H30 -> 29218.277 | I33: =+I31+I30 -> 30346.673 | J33: =+J31+J30 -> 30885.47 | K33: =+K31+K30 -> 33706.734 | L33: =+L31+L30 -> 32977.656 | M33: =+M31+M30 -> 37121.421 | ... R33: =+R31+R30 -> 49574.021
A35: Costo orario | B35: =+ROUND(B33/$B$6,2) -> 15.5 | C35: =+ROUND(C33/$B$6,2) -> 15.71 | D35: =+ROUND(D33/$B$6,2) -> 16.51 | F35: =+ROUND(F33/$B$6,2) -> 17.78 | G35: =+ROUND(G33/$B$6,2) -> 18.32 | H35: =+ROUND(H33/$B$6,2) -> 18.87 | I35: =+ROUND(I33/$B$6,2) -> 19.6 | J35: =+ROUND(J33/$B$6,2) -> 19.95 | K35: =+ROUND(K33/$B$6,2) -> 21.77 | L35: =+ROUND(L33/$B$6,2) -> 21.3 | M35: =+ROUND(M33/$B$6,2) -> 23.98 | ... R35: =+ROUND(R33/$B$6,2) -> 32.02
A36: imponibile irap | B36: =+B33-B21-B27-B24 -> 23036.62 | C36: =+C33-C21-C27-C24 -> 23339.396 | D36: =+D33-D21-D27-D24 -> 24540.807 | E36: =+E33-E21-E27-E24 -> 0 | F36: =+F33-F21-F27-F24 -> 26445.406 | G36: =+G33-G21-G27-G24 -> 27261.209 | H36: =+H33-H21-H27-H24 -> 28088.116 | I36: =+I33-I21-I27-I24 -> 29180.259 | ... R36: =+R33-R21-R27-R24 -> 47789.882
A37: imponibile irap orario | B37: =+ROUND(B36/$B$6,2) -> 14.88 | C37: =+ROUND(C36/$B$6,2) -> 15.08 | D37: =+ROUND(D36/$B$6,2) -> 15.85 | F37: =+ROUND(F36/$B$6,2) -> 17.08 | G37: =+ROUND(G36/$B$6,2) -> 17.61 | H37: =+ROUND(H36/$B$6,2) -> 18.14 | I37: =+ROUND(I36/$B$6,2) -> 18.85 | J37: =+ROUND(J36/$B$6,2) -> 19.19 | K37: =+ROUND(K36/$B$6,2) -> 20.95 | L37: =+ROUND(L36/$B$6,2) -> 20.5 | M37: =+ROUND(M36/$B$6,2) -> 23.09 | ... R37: =+ROUND(R36/$B$6,2) -> 30.87
A38: Irap forfettaria al 3,9% | B38: =+B37*0.039 -> 0.58032 | C38: =+C37*0.039 -> 0.58812 | D38: =+D37*0.039 -> 0.61815 | F38: =+F37*0.039 -> 0.66612 | G38: =+G37*0.039 -> 0.68679 | H38: =+H37*0.039 -> 0.70746 | I38: =+I37*0.039 -> 0.73515 | J38: =+J37*0.039 -> 0.74841 | K38: =+K37*0.039 -> 0.81705 | L38: =+L37*0.039 -> 0.7995 | M38: =+M37*0.039 -> 0.90051 | ... R38: =+R37*0.039 -> 1.20393
A39: Irap | B39: =+ROUND(B37*$B$3,2) -> 0 | C39: =+ROUND(C37*$B$3,2) -> 0 | D39: =+ROUND(D37*$B$3,2) -> 0 | F39: =+ROUND(F37*$B$3,2) -> 0 | G39: =+ROUND(G37*$B$3,2) -> 0 | H39: =+ROUND(H37*$B$3,2) -> 0 | I39: =+ROUND(I37*$B$3,2) -> 0 | J39: =+ROUND(J37*$B$3,2) -> 0 | K39: =+ROUND(K37*$B$3,2) -> 0 | L39: =+ROUND(L37*$B$3,2) -> 0 | M39: =+ROUND(M37*$B$3,2) -> 0 | ... R39: =+ROUND(R37*$B$3,2) -> 0
A40: Totale costo orario | B40: =+B39+B35 -> 15.5 | C40: =+C39+C35 -> 15.71 | D40: =+D39+D35 -> 16.51 | F40: =+F39+F35 -> 17.78 | G40: =+G39+G35 -> 18.32 | H40: =+H39+H35 -> 18.87 | I40: =+I39+I35 -> 19.6 | J40: =+J39+J35 -> 19.95 | K40: =+K39+K35 -> 21.77 | L40: =+L39+L35 -> 21.3 | M40: =+M39+M35 -> 23.98 | ... R40: =+R39+R35 -> 32.02
B45: Specifica
B46: Specifica
B48: Calabria | C48: =4.97% -> 0.0497
B49: Campania | C49: =4.4% -> 0.044
B50: Sicilia | C50: 0
B51: Puglia | C51: 0
B53: Si
B54: No
A56: indennità di turno | B56: 2747.04 | C56: 2783.24 | D56: 2926.92 | F56: 3154.69 | G56: 3252.25 | H56: 3351.14 | I56: 3481.75 | J56: 3544.11 | K56: 3870.67 | L56: 3786.28 | M56: 4265.91 | N56: 4646.88 | O56: 4887.57 | P56: 5105.26 | Q56: 5707.26 | R56: 5707.26

Sheet CCNL cooperative (9-20)
A1: TipologiaAliquota IRAP | B1: Specifica
A2: Regione | B2: =+INPUT!C2 -> Sicilia
A3: Aliquota Irap Applicata | B3: =+IF(B1="Generale",0.039,INDEX(C48:C51,MATCH(B2,B48:B51,0))) -> 0
A5: Indennità di turno | B5: No
A6: Numero ore annuali lavorate | B6: 1548 | C6: 1548
A9: Livelli | B9: A1 | C9: A2 | D9: B1 | E9: B1 con i.f. | F9: C1 | G9: C2 | H9: C3/D1 | I9: C3/D1 con i.p. | J9: D2 | K9: D2 con i.p. | L9: D3/E1 | M9: E2 | N9: E2 con i.p. | O9: F1 | P9: F1 con i.p. | Q9: F2 | R9: F2 con i.d.
A10: Minimi contr.li conglobati mensili | B10: 1254.59 | C10: 1266.21 | D10: 1325.21 | F10: 1425.21 | G10: 1467.9 | H10: 1511.25 | I10: 1511.25 | J10: 1594.15 | K10: 1594.15 | L10: 1697.04 | M10: 1831.74 | N10: 1831.74 | O10: 2023.07 | P10: 2023.07 | Q10: 2310.41 | R10: 2310.41
A11: Anzianità (tre scatti) | B11: 34.86 | C11: 40.29 | D11: 48.81 | F11: 55.77 | G11: 58.89 | H11: 61.98 | I11: 61.98 | J11: 69.72 | K11: 69.72 | L11: 80.58 | M11: 94.5 | N11: 94.5 | O11: 118.53 | P11: 118.53 | Q11: 139.44 | R11: 139.44
A12: Indennità professionali | I12: 61.97 | K12: 154.94 | N12: 258.23 | P12: 258.23 | R12: 232.41
A13: Indennità di funzione | M13: 77.47 | O13: 154.94 | Q13: 232.41
A14: Altre indennità | B14: 31.99 | C14: 32.29 | D14: 33.79 | F14: 36.34 | G14: 37.43 | H14: 38.54 | I14: 38.54 | J14: 40.65 | K14: 40.65 | L14: 43.27 | M14: 46.71 | N14: 46.71 | O14: 51.59 | P14: 51.59 | Q14: 58.92 | R14: 58.92
A16: Lordo Mensile | B16: =+SUM(B10:B14) -> 1321.44 | C16: =+SUM(C10:C14) -> 1338.79 | D16: =+SUM(D10:D14) -> 1407.81 | E16: =+SUM(E10:E14) -> 0 | F16: =+SUM(F10:F14) -> 1517.32 | G16: =+SUM(G10:G14) -> 1564.22 | H16: =+SUM(H10:H14) -> 1611.77 | I16: =+SUM(I10:I14) -> 1673.74 | ... R16: =+SUM(R10:R14) -> 2741.18
A17: Totale Lordo annuo+ 13esima | B17: =+B16*13 -> 17178.72 | C17: =+C16*13 -> 17404.27 | D17: =+D16*13 -> 18301.53 | E17: =+E16*13 -> 0 | F17: =+F16*13 -> 19725.16 | G17: =+G16*13 -> 20334.86 | H17: =+H16*13 -> 20953.01 | I17: =+I16*13 -> 21758.62 | ... R17: =+R16*13 -> 35635.34
A19: Oneri
A20: Inps (27,33%) | B20: =+B17*0.2733 -> 4694.9442 | C20: =+C17*0.2733 -> 4756.587 | D20: =+D17*0.2733 -> 5001.8081 | F20: =+F17*0.2733 -> 5390.8862 | G20: =+G17*0.2733 -> 5557.5172 | H20: =+H17*0.2733 -> 5726.4576 | I20: =+I17*0.2733 -> 5946.6308 | J20: =+J17*0.2733 -> 6055.9891 | K20: =+K17*0.2733 -> 6606.4754 | L20: =+L17*0.2733 -> 6469.4401 | M20: =+M17*0.2733 -> 7284.9372 | ... R20: =+R17*0.2733 -> 9739.1384
A21: Inail (3%) | B21: =+B17*0.03 -> 515.3616 | C21: =+C17*0.03 -> 522.1281 | D21: =+D17*0.03 -> 549.0459 | F21: =+F17*0.03 -> 591.7548 | G21: =+G17*0.03 -> 610.0458 | H21: =+H17*0.03 -> 628.5903 | I21: =+I17*0.03 -> 652.7586 | J21: =+J17*0.03 -> 664.7628 | K21: =+K17*0.03 -> 725.1894 | L21: =+L17*0.03 -> 710.1471 | M21: =+M17*0.03 -> 799.6638 | ... R21: =+R17*0.03 -> 1069.0602
A22: Totale oneri | B22: =+B21+B20 -> 5210.3058 | C22: =+C21+C20 -> 5278.7151 | D22: =+D21+D20 -> 5550.854 | F22: =+F21+F20 -> 5982.641 | G22: =+G21+G20 -> 6167.563 | H22: =+H21+H20 -> 6355.0479 | I22: =+I21+I20 -> 6599.3894 | J22: =+J21+J20 -> 6720.7519 | K22: =+K21+K20 -> 7331.6648 | L22: =+L21+L20 -> 7179.5872 | M22: =+M21+M20 -> 8084.601 | ... R22: =+R21+R20 -> 10808.199
A24: Oneri per la sciurezza | B24: 200 | C24: 200 | D24: 200 | F24: 200 | G24: 200 | H24: 200 | I24: 200 | J24: 200 | K24: 200 | L24: 200 | M24: 200 | N24: 200 | O24: 200 | P24: 200 | Q24: 200 | R24: 200
A25: TFR | B25: =+B16*0.962962 -> 1272.4965 | C25: =+C16*0.962962 -> 1289.2039 | D25: =+D16*0.962962 -> 1355.6675 | F25: =+F16*0.962962 -> 1461.1215 | G25: =+G16*0.962962 -> 1506.2844 | H25: =+H16*0.962962 -> 1552.0733 | I25: =+I16*0.962962 -> 1611.748 | J25: =+J16*0.962962 -> 1641.388 | K25: =+K16*0.962962 -> 1790.5893 | L25: =+L16*0.962962 -> 1753.4479 | M25: =+M16*0.962962 -> 1974.4765 | ... R25: =+R16*0.962962 -> 2639.6522
A26: Rivalutazione T.F.R. (1,8673% ) * stimata su 6 anni | B26: =+B25*0.018673*6 -> 142.56796 | C26: =+C25*0.018673*6 -> 144.43983 | D26: =+D25*0.018673*6 -> 151.88628 | E26: =+E25*0.018673*6 -> 0 | F26: =+F25*0.018673*6 -> 163.70113 | G26: =+G25*0.018673*6 -> 168.76109 | H26: =+H25*0.018673*6 -> 173.89118 | I26: =+I25*0.018673*6 -> 180.57702 | ... R26: =+R25*0.018673*6 -> 295.74135
A27: Previdenza complementare (1,5%) | B27: =+B17*0.015 -> 257.6808 | C27: =+C17*0.015 -> 261.06405 | D27: =+D17*0.015 -> 274.52295 | F27: =+F17*0.015 -> 295.8774 | G27: =+G17*0.015 -> 305.0229 | H27: =+H17*0.015 -> 314.29515 | I27: =+I17*0.015 -> 326.3793 | J27: =+J17*0.015 -> 332.3814 | K27: =+K17*0.015 -> 362.5947 | L27: =+L17*0.015 -> 355.07355 | M27: =+M17*0.015 -> 399.8319 | ... R27: =+R17*0.015 -> 534.5301
A28: Assistenza Sanitaria Integrativa | B28: 66 | C28: 66 | D28: 66 | F28: 66 | G28: 66 | H28: 66 | I28: 66 | J28: 66 | K28: 66 | L28: 66 | M28: 66 | N28: 66 | O28: 66 | P28: 66 | Q28: 66 | R28: 66
A30: Costo Annuo | B30: =+B17+B22+B25+B26+B27+B28+B24 -> 24327.771 | C30: =+C17+C22+C25+C26+C27+C28+C24 -> 24643.693 | D30: =+D17+D22+D25+D26+D27+D28+D24 -> 25900.461 | F30: =+F17+F22+F25+F26+F27+F28+F24 -> 27894.501 | G30: =+G17+G22+G25+G26+G27+G28+G24 -> 28748.491 | H30: =+H17+H22+H25+H26+H27+H28+H24 -> 29614.318 | I30: =+I17+I22+I25+I26+I27+I28+I24 -> 30742.714 | J30: =+J17+J22+J25+J26+J27+J28+J24 -> 31303.179 | K30: =+K17+K22+K25+K26+K27+K28+K24 -> 34124.443 | L30: =+L17+L22+L25+L26+L27+L28+L24 -> 33422.131 | M30: =+M17+M22+M25+M26+M27+M28+M24 -> 37601.586 | ... R30: =+R17+R22+R25+R26+R27+R28+R24 -> 50179.462
A31: Indennità di turno | B31: =+IF($B$5="Si",B56,0) -> 0 | C31: =+IF($B$5="Si",C56,0) -> 0 | D31: =+IF($B$5="Si",D56,0) -> 0 | F31: =+IF($B$5="Si",F56,0) -> 0 | G31: =+IF($B$5="Si",G56,0) -> 0 | H31: =+IF($B$5="Si",H56,0) -> 0 | I31: =+IF($B$5="Si",I56,0) -> 0 | J31: =+IF($B$5="Si",J56,0) -> 0 | K31: =+IF($B$5="Si",K56,0) -> 0 | L31: =+IF($B$5="Si",L56,0) -> 0 | M31: =+IF($B$5="Si",M56,0) -> 0 | ... R31: =+IF($B$5="Si",R56,0) -> 0
A33: Totale costo annuo | B33: =+B31+B30 -> 24327.771 | C33: =+C31+C30 -> 24643.693 | D33: =+D31+D30 -> 25900.461 | F33: =+F31+F30 -> 27894.501 | G33: =+G31+G30 -> 28748.491 | H33: =+H31+H30 -> 29614.318 | I33: =+I31+I30 -> 30742.714 | J33: =+J31+J30 -> 31303.179 | K33: =+K31+K30 -> 34124.443 | L33: =+L31+L30 -> 33422.131 | M33: =+M31+M30 -> 37601.586 | ... R33: =+R31+R30 -> 50179.462
A35: Costo orario | B35: =+ROUND(B33/$B$6,2) -> 15.72 | C35: =+ROUND(C33/$B$6,2) -> 15.92 | D35: =+ROUND(D33/$B$6,2) -> 16.73 | F35: =+ROUND(F33/$B$6,2) -> 18.02 | G35: =+ROUND(G33/$B$6,2) -> 18.57 | H35: =+ROUND(H33/$B$6,2) -> 19.13 | I35: =+ROUND(I33/$B$6,2) -> 19.86 | J35: =+ROUND(J33/$B$6,2) -> 20.22 | K35: =+ROUND(K33/$B$6,2) -> 22.04 | L35: =+ROUND(L33/$B$6,2) -> 21.59 | M35: =+ROUND(M33/$B$6,2) -> 24.29 | ... R35: =+ROUND(R33/$B$6,2) -> 32.42
A36: imponibile irap | B36: =+B33-B21-B27-B24 -> 23354.729 | C36: =+C33-C21-C27-C24 -> 23660.501 | D36: =+D33-D21-D27-D24 -> 24876.892 | E36: =+E33-E21-E27-E24 -> 0 | F36: =+F33-F21-F27-F24 -> 26806.869 | G36: =+G33-G21-G27-G24 -> 27633.423 | H36: =+H33-H21-H27-H24 -> 28471.432 | I36: =+I33-I21-I27-I24 -> 29563.576 | ... R36: =+R33-R21-R27-R24 -> 48375.872
A37: imponibile irap orario | B37: =+ROUND(B36/$B$6,2) -> 15.09 | C37: =+ROUND(C36/$B$6,2) -> 15.28 | D37: =+ROUND(D36/$B$6,2) -> 16.07 | F37: =+ROUND(F36/$B$6,2) -> 17.32 | G37: =+ROUND(G36/$B$6,2) -> 17.85 | H37: =+ROUND(H36/$B$6,2) -> 18.39 | I37: =+ROUND(I36/$B$6,2) -> 19.1 | J37: =+ROUND(J36/$B$6,2) -> 19.45 | K37: =+ROUND(K36/$B$6,2) -> 21.21 | L37: =+ROUND(L36/$B$6,2) -> 20.77 | M37: =+ROUND(M36/$B$6,2) -> 23.39 | ... R37: =+ROUND(R36/$B$6,2) -> 31.25
A38: Irap forfettaria al 3,9% | B38: =+B37*0.039 -> 0.58851 | C38: =+C37*0.039 -> 0.59592 | D38: =+D37*0.039 -> 0.62673 | F38: =+F37*0.039 -> 0.67548 | G38: =+G37*0.039 -> 0.69615 | H38: =+H37*0.039 -> 0.71721 | I38: =+I37*0.039 -> 0.7449 | J38: =+J37*0.039 -> 0.75855 | K38: =+K37*0.039 -> 0.82719 | L38: =+L37*0.039 -> 0.81003 | M38: =+M37*0.039 -> 0.91221 | ... R38: =+R37*0.039 -> 1.21875
A39: Irap | B39: =+ROUND(B37*$B$3,2) -> 0 | C39: =+ROUND(C37*$B$3,2) -> 0 | D39: =+ROUND(D37*$B$3,2) -> 0 | F39: =+ROUND(F37*$B$3,2) -> 0 | G39: =+ROUND(G37*$B$3,2) -> 0 | H39: =+ROUND(H37*$B$3,2) -> 0 | I39: =+ROUND(I37*$B$3,2) -> 0 | J39: =+ROUND(J37*$B$3,2) -> 0 | K39: =+ROUND(K37*$B$3,2) -> 0 | L39: =+ROUND(L37*$B$3,2) -> 0 | M39: =+ROUND(M37*$B$3,2) -> 0 | ... R39: =+ROUND(R37*$B$3,2) -> 0
A40: Totale costo orario | B40: =+B39+B35 -> 15.72 | C40: =+C39+C35 -> 15.92 | D40: =+D39+D35 -> 16.73 | F40: =+F39+F35 -> 18.02 | G40: =+G39+G35 -> 18.57 | H40: =+H39+H35 -> 19.13 | I40: =+I39+I35 -> 19.86 | J40: =+J39+J35 -> 20.22 | K40: =+K39+K35 -> 22.04 | L40: =+L39+L35 -> 21.59 | M40: =+M39+M35 -> 24.29 | ... R40: =+R39+R35 -> 32.42
B45: Specifica
B46: Specifica
B48: Calabria | C48: =4.97% -> 0.0497
B49: Campania | C49: =4.4% -> 0.044
B50: Sicilia | C50: 0
B51: Puglia | C51: 0
B53: Si
B54: No
A56: indennità di turno | B56: 2785.08 | C56: 2821.65 | D56: 2967.11 | F56: 3197.92 | G56: 3296.77 | H56: 3396.98 | I56: 3527.59 | J56: 3592.46 | K56: 3919.01 | L56: 3837.72 | M56: 4321.48 | N56: 4702.45 | O56: 4948.94 | P56: 5166.63 | Q56: 5777.33 | R56: 5777.33
